 Dungeon Crawl Stone Soup version 0.30-a0-860-g512cf1e979 (webtiles) character file.

Game seed: 11802107820930022465

1169430 iguanaiguana the Convoker (level 27, -22/302 (319) HPs)
             Began as an Armataur Ice Elementalist on Mar 4, 2023.
             Was the Champion of Ashenzari.
             Killed from afar by a wendigo (44 damage)
             ... with a seracfall
             ... on level 7 of Cocytus on Mar 8, 2023.
             The game lasted 09:23:55 (28823 turns).

iguanaiguana the Convoker (AtIE)                   Turns: 28823, Time: 09:23:55

HP:   -22/302 (319) AC: 36    Str: 21    XL:     27
MP:   8/59          EV: 16    Int: 43    God:    Ashenzari [******]
Gold: 1545          SH:  9    Dex: 15    Spells: 0/80 levels left

rFire   + + +      SeeInvis +    b - staff of fire (curse) {Fort, Comp}
rCold   + . .      Faith    .    p - +3 buckler "Share My Foul Odours" {rC+ rF+, Cun, Self} (curse)
rNeg    . . .      Spirit   .    S - +1 troll leather armour of the Eye in the Sky {Regen+ Str+2 Int+2, Elem, Comp} (curse)
rPois   .          Reflect  .    d - +2 helmet of the Ensconced Repose {Int+3, Cun, Self} (curse)
rElec   +          Roll     +    q - +2 cloak of Ashenzari's Sybil {Self, Elem} (curse)
rCorr   +          Clarity  +    R - +2 pair of gloves "Ruined Heresy" {Int+3, Bglg, Comp} (curse)
Will    ++...                    X - +6 lightning scales {swift, rElec, Self, Bglg} (curse)
Stlth   ++++++                   h - amulet "Annoyance of Ashenzari" {RegenMP Str+4 Int+3, Self, Comp} (curse)
HPRegen 1.50/turn                F - ring of the Cosmic Seer {rC+ rCorr Int+6, Alch, Self} (curse)
MPRegen 0.76/turn                Q - ring of Supernal Wisdom {Fire, Bglg, Evo} (curse)

@: studying Axes, drained, unable to drink, quick
A: large, rugged brown scales 3, deformed body, armoured tail, roll, long
tongue, awkward tongue, claws 1, thin skeletal structure 1, high MP 1, robust 1,
evolution 2
}: 13/15 runes: barnacled, slimy, silver, golden, obsidian, bone, abyssal,
demonic, glowing, magical, fiery, dark, gossamer
a: Renounce Religion, Shatter the Chains


You were on level 7 of Cocytus.
You worshipped Ashenzari.
Ashenzari was exalted by your worship.
You visited 16 branches of the dungeon, and saw 76 of its levels.
You visited Pandemonium 3 times, and saw 20 of its levels.
You visited the Abyss 3 times.
You visited 1 bazaar.
You visited 2 ziggurats, and saw 27 of their levels (deepest: 19).
You also visited: Trove, Ice Cave and Wizlab.

You collected 6927 gold pieces.
You spent 5382 gold pieces at shops.

Inventory:

Hand Weapons
 v - the +9 staff of Wucad Mu {*channel}
   (You found it in a wizard's laboratory)

   *Channel:  It occasionally powers its wielder's spells, but with a chance of
   causing confusion or draining the wielder's intelligence.
   It becomes more likely to activate and less likely to backfire with increased
   Evocations skill.
Missiles
 g - 4 throwing nets
 y - 14 silver javelins
 I - 8 curare-tipped darts
Armour
 d - the cursed +2 helmet of the Ensconced Repose (worn) {Int+3, Cun, Self}
   (You found it on level 3 of the Tomb of the Ancients)

   It has a curse which improves the following skills: Cunning: Dodging and
   Stealth.
   Introspection: Fighting and Spellcasting.
 p - the cursed +3 buckler "Share My Foul Odours" (worn) {rC+ rF+, Cun, Self}
   (You took it off a tengu reaver on level 4 of the Vaults)

   It has a curse which improves the following skills: Cunning: Dodging and
   Stealth.
   Introspection: Fighting and Spellcasting.
 q - the cursed +2 cloak of Ashenzari's Sybil (worn) {Self, Elem}
   (You found it on level 4 of the Dungeon)

   It has a curse which improves the following skills: Introspection: Fighting
   and Spellcasting.
   Elements:  Fire Magic, Ice Magic, Air Magic and Earth Magic.
 R - the cursed +2 pair of gloves "Ruined Heresy" (worn) {Int+3, Bglg, Comp}
   (You found it on level 5 of the Pits of Slime)

   Int:       It affects your intelligence (+3).
   It has a curse which improves the following skills: Beguiling: Conjurations,
   Hexes and Translocations.
   Companions: Summonings and Necromancy.
 S - the cursed +1 troll leather armour of the Eye in the Sky (worn) {Regen+ Str+2 Int+2, Elem, Comp}
   (You found it on level 5 of the Vaults)

   Str:       It affects your strength (+2).
   Int:       It affects your intelligence (+2).
   Regen:     It increases your rate of health regeneration.
   It has a curse which improves the following skills: Elements: Fire Magic, Ice
   Magic, Air Magic and Earth Magic.
   Companions: Summonings and Necromancy.
 X - the cursed +6 lightning scales (worn) {swift, rElec, Self, Bglg}
   (You acquired it on level 1 of the Depths)

   Swift:     It allows the wearer to cover ground more swiftly.
   rElec:     It insulates you from electricity.
   It has a curse which improves the following skills: Introspection: Fighting
   and Spellcasting.
   Beguiling: Conjurations, Hexes and Translocations.
Magical Staves
 a - a staff of death
 b - a cursed staff of fire (weapon) {Fort, Comp}
Jewellery
 h - the cursed amulet "Annoyance of Ashenzari" (around neck) {RegenMP Str+4 Int+3, Self, Comp}
   (You bought it in a shop on level 2 of the Orcish Mines)

   [amulet of magic regeneration]

   It increases your rate of magic regeneration.
   Str:       It affects your strength (+4).
   Int:       It affects your intelligence (+3).
   It has a curse which improves the following skills: Introspection: Fighting
   and Spellcasting.
   Companions: Summonings and Necromancy.
 t - a +5 ring of evasion
 F - the cursed ring of the Cosmic Seer (left hand) {rC+ rCorr Int+6, Alch, Self}
   (You bought it in a shop on level 7 of the Dungeon)

   [ring of intelligence]

   Int:       It affects your intelligence (+6).
   rC:        It protects you from cold.
   rCorr:     It protects you from acid and corrosion.
   It has a curse which improves the following skills: Alchemy: Poison Magic and
   Transmutations.
   Introspection: Fighting and Spellcasting.
 Q - the cursed ring of Supernal Wisdom (right hand) {Fire, Bglg, Evo}
   (You found it on level 3 of the Elven Halls)

   [ring of fire]

   It enhances your fire magic.
   rF:        It protects you from fire.
   rC:        It makes you vulnerable to cold.
   It has a curse which improves the following skills: Beguiling: Conjurations,
   Hexes and Translocations.
   Evocations: Evocations.
 Y - the ring "Posatayxt" {rPois rC+ Will+}
   (You found it on level 3 of the Vaults)

   [ring of protection from cold]

   rC:        It protects you from cold.
   rPois:     It protects you from poison.
   Will:      It increases your willpower.
Wands
 l - a wand of flame (4)
 L - a wand of roots (33)
 O - a wand of paralysis (32)
 W - a wand of light (8)
 Z - a wand of digging (14) {@v3}
Scrolls
 c - 2 scrolls of blinking {@r4}
 j - 9 scrolls of magic mapping {@r5}
 k - 4 scrolls of teleportation {@r3}
 s - 4 scrolls of fog
 u - 5 scrolls of silence
 x - a scroll of vulnerability
 A - 10 scrolls of fear
 E - 7 scrolls of immolation
 G - 7 scrolls of butterflies
 V - 5 scrolls of poison
Potions
 e - 5 potions of resistance {@q5}
 i - 4 potions of brilliance
 m - 12 potions of mutation
 o - 11 potions of heal wounds {@q2}
 r - 6 potions of haste {@q4}
 z - 6 potions of curing {@q1}
 D - 4 potions of cancellation
 H - 2 potions of ambrosia
 K - 3 potions of magic
 M - 3 potions of berserk rage
 P - 4 potions of lignification
 T - 7 potions of flight
 U - 3 potions of invisibility
Miscellaneous
 f - a box of beasts (inert)
 n - a tin of tremorstones (2/2)
 w - a condenser vane (inert)
 B - the horn of Geryon (inert)
 C - a phial of floods
 J - a lightning rod (4/4)
 N - a phantom mirror (inert)


   Skills:
 - Level 19.0(27) Fighting
 - Level 12.0 Throwing
 - Level 20.1(22.4) Armour
 - Level 14.1(18.0) Dodging
 - Level 10.0(13.9) Stealth
 - Level 4.6(7.1) Shields
 - Level 20.1(27) Spellcasting
 - Level 11.2(16.3) Conjurations
 - Level 20.5(26.4) Summonings
 - Level 14.4(20.6) Necromancy
 - Level 5.9(10.8) Translocations
 - Level 7.9(10.6) Transmutations
 + Level 18.4(22.1) Fire Magic
 - Level 10.1(14.0) Ice Magic
 - Level 4.2(7.8) Air Magic
 - Level 10.9(14.8) Earth Magic
 - Level 9.3(12.0) Poison Magic
 - Level 17.5(20.0) Evocations


You couldn't memorise any spells.
You knew the following spells:

 Your Spells              Type           Power      Damage    Failure   Level
a - Irradiate             Conj/Tmut      54%        3d29      1%          5
b - Animate Dead          Necr           100%       N/A       0%          4
c - Death Channel         Necr           62%        N/A       0%          6
d - Dragon's Call         Summ           68%        N/A       1%          9
f - Ignition              Fire           90%        3d23      1%          8
g - Simulacrum            Ice/Necr       59%        N/A       1%          6
h - Passage of Golubria   Tloc           100%       N/A       1%          4
i - Lehudib's Crystal Sp  Conj/Erth      56%        10d13     3%          8
j - Passwall              Tmut/Erth      88%        N/A       0%          2
k - Mephitic Cloud        Conj/Pois/Air  100%       N/A       0%          3
l - Blink                 Tloc           100%       N/A       0%          2
m - Borgnjor's Vile Clut  Necr/Erth      59%        N/A       0%          5
n - Ozocubu's Armour      Ice            100%       N/A       0%          3
o - Freeze                Ice            100%       1d10      0%          1
p - Swiftness             Air            90%        N/A       1%          3
q - Necromutation         Tmut/Necr      56%        N/A       3%          8
x - Apportation           Tloc           100%       N/A       0%          1
z - Sublimation of Blood  Necr           100%       N/A       0%          2

Your spell library contained the following spells:

 Spells                   Type           Power      Damage    Failure   Level
 Beastly Appendage        Tmut           100%       N/A       0%          1
 Foxfire                  Conj/Fire      100%       2x1d9     0%          1
 Kiss of Death            Conj/Necr      100%       2d13      0%          1
 Magic Dart               Conj           100%       1d8       0%          1
 Necrotise                Necr           100%       1d9       0%          1
 Sting                    Tmut/Pois      100%       1d8       0%          1
 Summon Small Mammal      Summ           100%       N/A       0%          1
 Cigotuvi's Dreadful Rot  Necr/Pois/Air  100%       N/A       0%          2
 Lesser Beckoning         Tloc           100%       N/A       0%          2
 Momentum Strike          Conj/Tloc      100%       3d10      0%          2
 Poisonous Vapours        Pois/Air       100%       N/A       0%          2
 Searing Ray              Conj           100%       2d8       0%          2
 Wereblood                Tmut           99%        N/A       0%          2
 Frozen Ramparts          Ice            100%       1d16      0%          3
 Gell's Gravitas          Tloc           100%       N/A       0%          3
 Hailstorm                Conj/Ice       100%       3d20      0%          3
 Ignite Poison            Fire/Tmut/Pois 100%       N/A       0%          3
 Inner Flame              Hex/Fire       100%       N/A       0%          3
 Kindle Blastsparks       Fire/Tloc/Air  100%       2d18      0%          3
 Spider Form              Tmut/Pois      100%       N/A       0%          3
 Vampiric Draining        Necr           100%       2d13      0%          3
 Flame Wave               Conj/Fire      100%       2d21      0%          4
 Iskenderun's Mystic Bla  Conj/Tloc      100%       2d19      0%          4
 Sticky Flame             Conj/Fire      100%       2d11      0%          4
 Summon Ice Beast         Ice/Summ       100%       N/A       0%          4
 Agony                    Necr           100%       N/A       0%          5
 Fireball                 Conj/Fire      86%        3d32      0%          5
 Summon Forest            Summ/Tloc      60%        N/A       0%          5
 Ensorcelled Hibernation  Hex/Ice        100%       N/A       1%          2
 Dazzling Flash           Conj/Hex       100%       N/A       1%          3
 Portal Projectile        Hex/Tloc       100%       N/A       1%          3
 Tukima's Dance           Hex            59%        N/A       1%          3
 Fulminant Prism          Conj/Hex       46%        3d21      1%          4
 Ice Form                 Ice/Tmut       100%       N/A       1%          4
 Leda's Liquefaction      Hex/Erth       45%        N/A       1%          4
 Manifold Assault         Tloc           100%       N/A       1%          4
 Olgreb's Toxic Radiance  Pois           100%       N/A       1%          4
 Petrify                  Tmut/Erth      100%       N/A       1%          4
 Alistair's Intoxication  Tmut/Pois      67%        N/A       1%          5
 Blade Hands              Tmut           49%        N/A       1%          5
 Lee's Rapid Deconstruct  Erth           55%        3d26*     1%          5
 Silence                  Hex/Air        38%        N/A       1%          5
 Summon Mana Viper        Hex/Summ       100%       N/A       1%          5
 Yara's Violent Unravell  Hex/Tmut       41%        3d16      1%          5
 Eringya's Noxious Bog    Tmut/Pois      50%        N/A       1%          6
 Iron Shot                Conj/Erth      56%        9d11      1%          6
 Starburst                Conj/Fire      86%        6d22      1%          6
 Statue Form              Tmut/Erth      70%        N/A       1%          6
 Ozocubu's Refrigeration  Ice            54%        4d19      1%          7
 Spellforged Servitor     Conj/Summ      63%        N/A       1%          7
 Borgnjor's Revivificati  Necr           62%        N/A       1%          8
 Cause Fear               Hex            29%        N/A       2%          4
 Dragon Form              Tmut           49%        N/A       3%          7
 Death's Door             Necr           62%        N/A       7%          9
 Fire Storm               Conj/Fire      86%        8d22      12%         9
 Shatter                  Erth           55%        3d42*     58%         9
 Enfeeble                 Hex            29%        N/A       89%         7
 Chain Lightning          Conj/Air       52%        3d69      92%         9
 Discord                  Hex            29%        N/A       100%        8


Dungeon Overview and Level Annotations

Branches:
Dungeon (15/15) Zot: 25659  Temple (1/1) D:4 Zot: 5981    Lair (5/5) D:9 Zot: 24928
 Shoals (4/4) Lair:3 Zot: 23256  Spider (4/4) Lair:3 Zot: 23063   Slime (5/5) Lair:4 Zot: 26632
    Orc (2/2) D:11 Zot: 9704     Elf (3/3) Orc:2 Zot: 16521  Vaults (5/5) D:13 Zot: 25298
  Crypt (3/3) Vaults:2 Zot: 16881    Tomb (3/3) Crypt:3 Zot: 15917  Depths (4/4) D:15 Zot: 21550
   Hell (visited)             Geh (7/7) Hell Zot: 26923     Coc (7/7) Hell Zot: 26923
    Tar (7/7) Hell Zot: 26923   IceCv (visited)          WizLab (visited)
    Dis: Hell:1         Zot: Depths:4

Altars:
Ashenzari
Cheibriados
Elyvilon
Fedhas
Hepliaklqana
Kikubaaqudgha
Makhleb
Okawaru
Qazlal
Ru
Sif Muna
Vehumet
Xom
Yredelemnul
Zin
Jiyva

Shops:
D:7 =!(   D:11 [(   D:14 [*?=[   Orc:2 [*(=   Elf:1 [[=   Shoals:1 [
Depths:1 **=   Depths:2 =   Depths:3 [

Portals:
Hell: Lair:5 Depths:1 Depths:2 Depths:4
Abyss: Depths:3
Pandemonium: Depths:2

Annotations:
D:6 exclusions: downstairs and ice beast
D:8 exclusion: sensed monster (detected)
D:10 Harold
D:11 1 transporter
Spider:1 exclusion: ghost moth
Orc:2 Pooter's ghost, journeyman MiFi
Crypt:2 Mennas
Coc:2 exclusion: 3 ice statues
Coc:7 exclusion: 2 Ice Fiends


Innate Abilities, Weirdness & Mutations

You are completely covered in rugged brown scales. (AC +3, +7% HP)
Armour fits poorly on your strangely shaped body.
You have a long armoured tail.
You roll when moving toward enemies. (Rampage)
Your long tongue fully drains potion bottles. (2x potion effects)
Your tongue gives you trouble enunciating. (1.5x scroll delay)
You have sharp fingernails.
You have a somewhat thin skeletal structure. (Dex +2, Stealth+)
You have an increased reservoir of magic. (+10% MP)
You are robust. (+10% HP)
You have great hidden genetic potential.


Message History

You swap places.
Your butterfly is engulfed in a cloud of scalding steam.
You kill your butterfly!
Your butterfly disappears in a burst of colours!
Your butterfly is engulfed in a cloud of scalding steam.
You kill your butterfly!
Your butterfly disappears in a burst of colours!
Your butterfly is engulfed in a cloud of scalding steam.
You kill your butterfly!
Your butterfly disappears in a burst of colours!
Your butterfly is engulfed in a cloud of scalding steam.
You kill your butterfly!
Your butterfly disappears in a burst of colours!
Your butterfly is engulfed in a cloud of scalding steam.
You kill your butterfly!
Your butterfly disappears in a burst of colours!
A five-headed hydra simulacrum comes into view.
Aiming: Paralyse
Press: ? - help, Shift-Dir - straight line, f - shard shrike simulacrum
Aim: a shard shrike simulacrum (ally target, chance to affect: 78%)
The shard shrike simulacrum barely resists.
The shard shrike simulacrum claws your butterfly.
Your butterfly dies!
Your butterfly disappears in a burst of colours!
The wendigo gestures.
The five-headed hydra simulacrum collapses into a mass of ice!
The mass of ice explodes!
The seracfall engulfs your butterfly!!
Your butterfly dies!
Your butterfly disappears in a burst of colours!
The seracfall engulfs your butterfly!!!
Your butterfly dies!
Your butterfly disappears in a burst of colours!
The seracfall engulfs your butterfly!!!
Your butterfly dies!
Your butterfly disappears in a burst of colours!
The seracfall engulfs your butterfly!!!
Your butterfly dies!
Your butterfly disappears in a burst of colours!
The seracfall engulfs you!!! You partially resist.
You die...

~~~~,*
#..≈≈≈.≈≈≈≈#####~
~~~~,*
#..≈≈≈bb≈≈≈#####~
~~~,,*
#b.b≈b..≈≈≈#####~
~~~,^*
#b.≈≈bbbb≈≈#####~
~~~,,*
#..bZbb.b≈≈#####~
~~,,**
*#..≈bbbbb≈≈#####~
~~,,*
#...≈≈b.bZb≈#####~
~,,,*
*#..R≈bbbbb≈≈#####~
~,,,*
*,,.≈≈≈≈..@≈≈#####~
,,,**
*,,.≈≈bb...b≈#####~
,,,*
*,,.≈≈≈b≈..≈≈#####~
,,**
**,,≈≈b≈≈≈b.≈≈#####~
,**
*,,,≈≈≈≈≈≈b.≈≈#####~ **
**,,~≈≈○≈≈≈≈.≈≈#####~ *
**,,,~≈≈≈≈≈≈≈~≈≈#####~
*
**,,,~~≈≈≈≈≈≈≈~≈≈#####~
*,,,,~~~~~~~~~~~~~~~~~~


You could see a wendigo (ally target) and 2 shard shrike simulacra.

Vanquished Creatures
  Cerebov (Pan)
  Asmodeus (Geh:7)
  the Royal Jelly (Slime:5)
  Mnoleg (Pan)
  4 dread liches
  5 ancient liches
  Khufu (Crypt:2)
  7 pandemonium lords
  41 royal mummies
  Sojobo (Vaults:4)
  A shard shrike (Coc:7)
  8 Killer Klowns (Zig:19)
  Frederick (Vaults:3)
  A caustic shrike (Depths:2)
  Geryon (Hell)
  4 golden dragons
  Jory (Vaults:3)
  3 bone dragons
  4 Tzitzimimeh
  8 profane servitors
  2 doom hounds (Tar:6)
  A hellephant (Geh:6)
  A shard shrike zombie (Crypt:3)
  4 Brimstone Fiends
  3 Ice Fiends
  Rupert (D:14)
  2 tentacled monstrosities
  A tainted leviathan (Tar:3)
  Asterion (Vaults:3)
  8 liches
  12 acid blobs
  2 deep elf blademasters (Elf:3)
  A walking divine tome (Depths:3)
  5 searing wretches
  2 deep elf master archers (Elf:3)
  A quicksilver dragon (Vaults:5)
  6 titans
  Frances (D:12)
  A kraken (Abyss:4)
  An acid blob (shapeshifter) (Vaults:5)
  2 Executioners (Pan)
  A sphinx (shapeshifter) (Zig:19)
  3 sphinxes
  18 ancient champions
  4 storm dragons
  A thorn hunter (Zig:18)
  9 tengu reavers
  2 draconian monks (Zig:17)
  5 shadow dragons
  4 rockslimes (Slime:5)
  5 azure jellies
  2 nagarajas
  A fenstrider witch (Zig:18)
  A daeva (Pan)
  A nargun (Coc:3)
  8 vault wardens
  8 revenants
  2 demonspawn warmongers (Pan)
  4 emperor scorpions
  7 fire giants
  2 iron dragons (Depths:3)
  4 ghost moths
  10 balrugs
  5 deep elf sorcerers
  15 frost giants
  A caustic shrike zombie (Hell)
  4 draconian shifters
  4 draconian knights
  2 draconian stormcallers
  2 deep elf elementalists (Elf:3)
  3 angels (Pan)
  A spectral caustic shrike (Tar:7)
  2 draconian scorchers (Zig:15)
  3 shard shrike simulacra
  7 curse skulls
  A spriggan defender (Depths:2)
  3 reapers
  10 ironbound preservers
  3 cacodemons
  27 very ugly things
  A juggernaut zombie (Hell)
  2 orc warlords
  17 stone giants
  A juggernaut skeleton (D:15)
  3 quicksilver oozes (Slime:5)
  A stone giant (shapeshifter) (Zig:19)
  3 ghouls
  3 ophanim (Pan)
  4 draconian annihilators
  5 putrid mouths
  11 vampire knights
  7 ironbound thunderhulks
  4 deep elf demonologists
  2 eleionomae
  4 green draconians
  3 lorocyprocas
  3 wendigos
  5 deep elf annihilators
  2 elemental wellsprings
  2 demonspawn black suns (Pan)
  7 black draconians
  6 white draconians
  2 red draconians
  2 yellow draconians
  13 bennus
  3 orange crystal statues
  5 purple draconians
  4 dire elephants
  2 spark wasps
  11 ettins
  3 bunyips
  6 eidola
  8 green deaths
  8 deep elf death magi
  5 blizzard demons
  A crystal guardian (Vaults:4)
  An acid blob zombie (Slime:5)
  6 shambling mangroves
  A spectral spriggan (Tar:5)
  An entropy weaver (shapeshifter) (Zig:19)
  12 jiangshi
  32 mummy priests
  4 merfolk impalers
  Snorg (Orc:2)
  Josephine (Orc:1)
  A merfolk javelineer (Shoals:4)
  14 yaktaur captains
  6 entropy weavers
  4 great orbs of eyes
  4 fire dragons
  2 rakshasas (Depths:2)
  Fannar (Orc:2)
  2 peacekeepers
  6 caustic shrike simulacra
  3 deep elf high priests
  2 spriggan zombies (Hell)
  11 hydras
  A salamander tyrant (Geh:3)
  2 spriggan air magi
  5 ice dragons
  30 vault guards
  2 ghost crabs
  Erica (Orc:1)
  2 ogre magi (Vaults:5)
  A hell beast (Depths:2)
  3 juggernaut simulacra
  3 radroaches
  4 merfolk aquamancers
  A centaur warrior (Shoals:2)
  2 anacondas (Zig:12)
  A merfolk avatar (Shoals:4)
  2 ironbound frosthearts
  2 spriggan skeletons
  2 alligators (Zig:18)
  67 death scarabs
  A death yak (Lair:5)
  2 two-headed ogres
  9 boulder beetles
  2 alligator snapping turtles
  3 deep troll earth magi
  2 naga warriors
  4 orc high priests (Orc:2)
  2 deep troll shamans
  7 dancing weapons
  9 soul eaters
  10 hell hogs
  5 tengu warriors
  8 vampire magi
  6 shock serpents
  A storm dragon zombie (D:15)
  2 spriggan berserkers (Depths:2)
  11 deep elf knights
  10 hell knights
  3 naga sharpshooters (Zig:12)
  3 sun demons
  2 iron trolls (Depths:2)
  4 thrashing horrors
  A golden dragon zombie (D:15)
  2 skysharks
  18 skeletal warriors
  2 fire crabs
  A titan skeleton (Zig:13)
  4 pharaoh ants
  10 shadow wraiths
  A sun moth (Zig:5)
  A wretched star (Zig:7)
  3 cherubim (Pan)
  7 sixfirhies
  2 goliath frogs
  A spectral anaconda (Tar:4)
  A storm dragon skeleton (Zig:4)
  5 sea snakes
  A spriggan rider (Zig:18)
  2 anaconda zombies (Hell)
  6 flayed ghosts
  2 naga ritualists
  5 spriggan druids
  3 death drakes
  2 quicksilver dragon simulacra
  3 glowing orange brains
  30 deep trolls
  6 swamp dragons
  11 orb spiders
  2 shadow demons
  2 bog bodies
  2 shadow dragon zombies (Crypt:1)
  A tengu zombie (Zig:13)
  2 obsidian statues (Zig:9)
  16 deep elf archers
  2 bunyip skeletons
  3 spriggan simulacra
  2 harpies (Depths:1)
  7 lindwurms (Vaults:1)
  14 orc knights
  A harpy (shapeshifter) (Zig:19)
  7 phantasmal warriors
  4 steelbarb worms
  11 wizards
  8 ironbound convokers
  14 necromancers
  An anaconda skeleton (Hell)
  3 shining eyes
  3 mana vipers
  18 deep elf pyromancers
  8 deep elf zephyrmancers
  30 ugly things
  2 shadow dragon skeletons (Hell)
  A salamander (shapeshifter) (D:15)
  10 manticores
  3 orc sorcerers (Orc:2)
  2 mana vipers (shapeshifter)
  12 oklob plants
  12 wolf spiders
  An iron dragon zombie (D:15)
  3 will-o-the-wisps
  6 cyclopes
  A sphinx skeleton (Zig:4)
  A worldbinder (Zig:7)
  2 rust devils
  A faun (Shoals:2)
  A moth of wrath (shapeshifter) (Zig:14)
  4 moths of wrath
  14 vault sentinels
  8 black mambas
  3 centaur zombies
  5 water nymphs
  An iron dragon skeleton (Tomb:3)
  8 torpor snails
  A water nymph (shapeshifter) (Zig:4)
  2 naga magi
  5 apocalypse crabs
  2 dire elephant zombies
  5 merfolk sirens
  6 demonic crawlers
  5 smoke demons
  3 elephants (Lair:5)
  A gargoyle (D:13)
  A guardian serpent (Zig:12)
  2 molten gargoyles (Geh:7)
  2 eyes of devastation
  5 orange demons
  A catoblepas zombie (Crypt:1)
  8 komodo dragons
  7 ice statues
  A centaur skeleton (Crypt:1)
  8 cane toads
  2 unseen horrors (D:10)
  2 kobold demonologists
  An unseen horror (shapeshifter) (D:15)
  6 hellions
  5 rime drakes
  4 tormentors
  6 ice devils
  2 efreet (Zig:8)
  3 anaconda simulacra
  2 freezing wraiths
  A bunyip simulacrum (Hell)
  A sea snake skeleton (Hell)
  9 yaktaurs
  2 harpy zombies (Hell)
  3 red devils
  58 guardian mummies
  2 ancient zymes
  15 merfolk
  2 tengu conjurers (Depths:3)
  3 trolls
  A bloated husk (Zig:10)
  A tyrant leech (shapeshifter) (Vaults:5)
  3 wind drakes (Shoals:4)
  3 tyrant leeches
  12 tarantellas
  15 hornets
  2 hellwings
  3 polar bears
  A tarantella (shapeshifter) (Vaults:5)
  8 blink frogs
  An ettin zombie (Crypt:1)
  2 harpy skeletons
  4 snapping turtles
  A raiju (Abyss:4)
  2 merfolk zombies
  4 dream sheep (Lair:5)
  2 hydra skeletons (Hell)
  9 jumping spiders
  38 slime creatures
  3 spriggans
  A centaur simulacrum (Coc:2)
  5 large abominations
  A small abomination (Abyss:4)
  41 flying skulls
  A black mamba skeleton (Hell)
  12 culicivoras
  6 wraiths
  56 yaks
  7 vampires
  8 ynoxinuls (Pan)
  A black mamba zombie (Crypt:1)
  22 ushabtiu
  An alligator skeleton (Hell)
  A water elemental (Shoals:2)
  2 wyverns
  3 fire elementals
  3 slime creature zombies (Slime:5)
  3 neqoxecs
  An alligator snapping turtle simulacrum (Coc:3)
  4 steam dragons
  4 basilisks
  2 fire bats (Depths:2)
  4 golden eyes
  16 humans (D:13)
  7 vampire mosquitoes
  A minotaur simulacrum (IceCv)
  30 redbacks
  7 chaos spawn
  A naga (shapeshifter) (D:14)
  A glowing shapeshifter zombie (Zig:13)
  2 wargs (Orc:2)
  4 nagas
  2 harpy simulacra
  A naga zombie (Crypt:3)
  2 acid dragons (D:9)
  A hydra simulacrum (Coc:3)
  7 water moccasins
  5 hell hounds
  A faun skeleton (Crypt:3)
  A floating eye (Depths:3)
  34 orc warriors
  2 sky beasts (D:7)
  5 black bears
  2 orc zombies (Vaults:3)
  13 wolves
  6 ogres
  A boggart (Elf:1)
  4 centaurs
  A human zombie (Vaults:3)
  2 gnoll sergeants
  2 necrophages (Crypt:3)
  4 scorpions
  7 bullfrogs
  4 wights (D:8)
  3 killer bees (D:8)
  2 howler monkeys (D:9)
  A crimson imp (Pan)
  A bullfrog zombie (D:3)
  A lava snake (D:7)
  A quasit (Abyss:4)
  A wolf skeleton (Crypt:3)
  A gnoll bouda (D:8)
  15 orc priests
  4 hounds
  A bullfrog skeleton (D:3)
  3 iguanas (D:5)
  29 orc wizards
  6 hell rats (Hell)
  The ghost of ZoeForever1 the Conjurer, a weakling DsRe (D:3)
  2 naga skeletons
  A hound zombie (Crypt:3)
  67 mummies
  A howler monkey zombie (Crypt:1)
  3 adders
  21 gnolls
  2 ufetubi (D:4)
  A dart slug (D:4)
  55 orcs
  6 ball pythons
  5 bats
  4 endoplasms
  4 giant cockroaches
  6 goblins
  6 hobgoblins
  A jackal (D:13)
  10 kobolds
  3 quokkas
  A river rat zombie (Crypt:2)
  2 frilled lizards
  5 rats (D:1)
  5 briar patches (Zig:18)
  A creeping inferno (Geh:7)
2217 creatures vanquished.

Vanquished Creatures (collateral kills)
  Gloorx Vloq (Pan)
  Ereshkigal (Tar:7)
  A seraph (Pan)
  A dread lich (Tar:5)
  2 ancient liches (Zig:14)
  A juggernaut (Depths:2)
  2 royal mummies
  Vv (Depths:2)
  A Killer Klown (Zig:19)
  A caustic shrike (Depths:3)
  Xtahua (Vaults:5)
  3 profane servitors
  3 golden dragons
  2 pandemonium lords (Zig:19)
  3 bone dragons
  3 Tzitzimimeh
  7 Brimstone Fiends
  3 doom hounds
  3 hellephants
  2 liches
  8 tentacled monstrosities
  7 titans
  3 Ice Fiends
  6 tainted leviathans
  A quicksilver dragon (Vaults:5)
  10 searing wretches
  An acid blob (Slime:5)
  9 Executioners (Pan)
  An eldritch tentacle (Pan)
  A tengu reaver (Vaults:5)
  A storm dragon (Pan)
  8 sphinxes
  5 shadow dragons (Vaults:5)
  A daeva (Pan)
  2 nagarajas (Zig:12)
  16 fire giants
  2 narguns (Coc:2)
  2 rockslimes
  4 azure jellies
  A draconian monk (Depths:4)
  2 demonspawn warmongers (Pan)
  5 emperor scorpions
  2 iron dragons (Vaults:5)
  2 draconian shifters
  A frost giant (Depths:4)
  2 draconian scorchers
  21 balrugs
  4 cacodemons (Pan)
  2 orc warlords
  A curse skull (Pan)
  A draconian stormcaller (Zig:17)
  4 ironbound preservers
  A draconian annihilator (Pan)
  4 angels (Pan)
  3 demonspawn corrupters (Pan)
  2 reapers (Tar:2)
  3 demonspawn blood saints (Pan)
  3 war gargoyles (Hell)
  A broodmother (Spider:4)
  A green draconian (Zig:15)
  6 stone giants
  5 ophanim (Pan)
  8 very ugly things
  A quicksilver ooze (Slime:5)
  3 apis (Pan)
  2 elemental wellsprings
  3 putrid mouths
  3 red draconians
  4 vampire knights
  A deep elf annihilator (Pan)
  4 purple draconians
  3 yellow draconians
  3 demonspawn black suns (Pan)
  A bennu (Tomb:1)
  A white draconian (Zig:15)
  3 lorocyprocas
  A minotaur (shapeshifter) (Zig:19)
  A spark wasp (Spider:4)
  4 dire elephants
  A deep elf death mage (Elf:3)
  2 merfolk impalers (Shoals:4)
  A mummy priest (Tomb:1)
  3 ettins
  2 blizzard demons
  A shambling mangrove (Zig:18)
  4 green deaths
  2 fire dragons
  A merfolk javelineer (Shoals:4)
  A great orb of eyes (Vaults:3)
  A jiangshi (Crypt:1)
  A deep elf high priest (Elf:3)
  3 entropy weavers
  2 yaktaur captains
  A caustic shrike simulacrum (Coc:2)
  A rakshasa (Depths:1)
  5 ice dragons
  A hell beast (Pan)
  3 hydras
  12 salamander tyrants
  An ogre mage (Vaults:5)
  6 vault guards (Vaults:5)
  3 merfolk aquamancers (Shoals:4)
  A radroach (Spider:4)
  4 two-headed ogres
  A spriggan air mage (Depths:4)
  An alligator (Zig:18)
  A boulder beetle (Vaults:2)
  A jorogumo (Spider:4)
  A satyr (Shoals:4)
  3 tengu warriors
  A deep troll earth mage (Depths:2)
  5 deep troll shamans (Depths:2)
  11 hell hogs
  A vampire mage (Crypt:1)
  7 spriggan berserkers
  A spectral dire elephant (Tar:2)
  A naga sharpshooter (Zig:12)
  A thrashing horror (Abyss:4)
  A deep elf knight (Elf:1)
  12 hell knights
  2 iron trolls
  A shock serpent (shapeshifter) (Vaults:5)
  A shock serpent (Zig:12)
  4 soul eaters
  18 sun demons
  5 sixfirhies
  10 deep trolls
  10 shadow wraiths
  A death drake (Zig:18)
  A spatial maelstrom (Zig:7)
  2 glowing orange brains
  9 cherubim (Pan)
  A swamp dragon (Zig:18)
  A naga ritualist (Zig:12)
  4 wizards
  A flayed ghost (Depths:2)
  3 sun moths (Spider:4)
  6 shadow demons (Pan)
  A deep elf archer (Elf:1)
  An obsidian statue (Zig:8)
  3 ironbound convokers
  5 lindwurms
  2 orc knights (Vaults:3)
  2 phantasmal warriors (Vaults:5)
  3 steelbarb worms
  A necromancer (Hell)
  4 wolf spiders
  A wolf spider zombie (Spider:4)
  An anaconda skeleton (Hell)
  6 ugly things
  A manticore (Shoals:3)
  A deep elf pyromancer (Elf:1)
  4 oklob plants (Zig:18)
  A shining eye (Slime:2)
  A naga mage (Zig:12)
  A merfolk siren (Shoals:4)
  5 rust devils (Hell)
  A spectral alligator snapping turtle (Tar:3)
  A moth of wrath (Spider:4)
  3 vault sentinels
  An iron dragon skeleton (Hell)
  5 apocalypse crabs
  7 molten gargoyles
  11 smoke demons
  A water nymph (Shoals:3)
  3 orange demons (Pan)
  2 torpor snails
  12 demonic crawlers
  9 hellions
  3 cane toads
  An unseen horror (Pan)
  2 freezing wraiths
  3 efreet
  A yaktaur (Vaults:1)
  4 tormentors
  A komodo dragon (Lair:2)
  A guardian mummy (Tomb:1)
  A tengu conjurer (Depths:3)
  An ancient zyme (Abyss:4)
  5 red devils
  2 spectral harpies
  5 merfolk
  A hornet (Depths:4)
  2 hellwings
  A wind drake (Shoals:4)
  3 snapping turtles
  A tarantella (Spider:4)
  A wind drake (shapeshifter) (Zig:19)
  18 slime creatures
  An iron dragon simulacrum (Coc:3)
  5 jumping spiders (Spider:4)
  3 ynoxinuls (Pan)
  A spriggan (Depths:2)
  12 water elementals
  A fire bat (Depths:2)
  A wraith (Orc:2)
  A fire elemental (Zig:8)
  2 ushabtiu (Tomb:1)
  4 vampire mosquitoes
  3 yaks
  10 neqoxecs
  5 redbacks
  3 chaos spawn (Pan)
  A small abomination (Abyss:4)
  5 harpy simulacra
  A steam dragon (D:7)
  An acid dragon (D:10)
  4 water moccasins
  6 large abominations
  A hell hound (Lair:5)
  A sky beast (D:7)
  2 orc warriors
  An ice beast (D:7)
  2 ogres (Vaults:5)
  An ettin simulacrum (Coc:1)
  A wolf (Lair:5)
  A bullfrog (Lair:4)
  A gnoll sergeant (D:6)
  A wight (D:8)
  A nameless horror (D:7)
  A howler monkey (D:9)
  4 crimson imps (Pan)
  A jelly (D:6)
  A sleepcap (D:6)
  A centaur skeleton (Crypt:3)
  A hell rat (Hell)
  2 orc wizards
  5 mummies (Tomb:1)
  3 gnolls
  A white imp (D:7)
  3 ufetubi
  An orc (D:5)
  A creeping inferno (Geh:2)
  2 fire vortices
712 creatures vanquished.

Vanquished Creatures (others)
  A fire giant (Geh:5)
  A draconian scorcher (Zig:17)
  A draconian annihilator (Zig:15)
  A caustic shrike zombie (Depths:2)
  2 Killer Klown zombies (Zig:19)
  A reaper (Pan)
  A rockslime zombie (Slime:5)
  A red draconian (Zig:15)
  An acid blob zombie (Vaults:5)
  9 very ugly thing zombies
  An azure jelly zombie (Slime:5)
  A titan zombie (Vaults:5)
  2 storm dragon zombies (Vaults:5)
  A hellephant zombie (Geh:3)
  A sun demon (Pan)
  5 ogre zombies
  2 spark wasp zombies
  2 shadow dragon zombies (Vaults:5)
  A sphinx zombie (Zig:19)
  A broodmother zombie (Spider:4)
  8 tengu zombies
  5 ugly thing zombies
  A large abomination (Pan)
  2 iron dragon zombies (Vaults:5)
  5 stone giant zombies
  An apis zombie (Pan)
  5 fire giant zombies
  2 wolf spider zombies
  5 frost giant zombies
  2 dire elephant zombies (Vaults:3)
  A salamander zombie (Geh:7)
  2 demonspawn zombies (Pan)
  6 elf zombies
  6 redback zombies
  A white draconian zombie (Depths:4)
  8 yaktaur zombies
  2 iron troll zombies (Depths:2)
  A harpy zombie (Zig:19)
  A demonic crawler zombie (Hell)
  An ettin zombie (Depths:2)
  2 tarantella zombies (Spider:4)
  2 culicivora zombies (Spider:4)
  2 great orb of eyes zombies (Vaults:3)
  2 spriggan zombies
  2 jumping spider zombies (Spider:4)
  2 ice dragon zombies
  4 slime creature zombies
  A black mamba zombie (Zig:12)
  2 ushabtiu (Tomb:1)
  A tyrant leech zombie (Vaults:5)
  A harpy simulacrum (Coc:3)
  3 fire bat zombies (Depths:2)
  8 deep troll zombies
  A hydra simulacrum (Coc:7)
  2 merfolk zombies (Shoals:4)
  An entropy weaver zombie (Zig:16)
  A sky beast (D:7)
  A manticore zombie (Shoals:4)
  2 orc zombies (Vaults:3)
  A ghost crab zombie (Abyss:4)
  5 blink frog zombies (Abyss:4)
  A fire crab zombie (Abyss:4)
  2 vampire mosquito zombies (Spider:1)
  43 human zombies
  5 apocalypse crab zombies
  A hell hound zombie (Zig:8)
  2 hell rat zombies (Hell)
  An orc (Vaults:5)
  3 ball lightnings (Pan)
  A block of ice (Pan)
  5 demonic plants (D:13)
  5 fire vortices
  2 foxfires (Zig:18)
  13 fungi
  58 plants
  4 tentacles (Abyss:4)
  3 withered plants (D:15)
296 creatures vanquished.

Grand Total: 3225 creatures vanquished

Notes
Turn   | Place    | Note
-------+----------+-------------------------------------------
     0 | D:1      | iguanaiguana the Armataur Ice Elementalist began the quest
                  | for the Orb.
     0 | D:1      | Reached XP level 1. HP: 14/14 MP: 3/3
   116 | D:1      | Reached XP level 2. HP: 20/21 MP: 1/4
   239 | D:2      | Reached XP level 3. HP: 17/27 MP: 0/5
   243 | D:2      | Learned a level 3 spell: Frozen Ramparts
   378 | D:3      | Found a transporter.
   378 | D:3      | Noticed ZoeForever1's ghost (weakling DsRe)
   394 | D:4      | Reached XP level 4. HP: 35/35 MP: 2/6
   417 | D:4      | Found a staircase to the Ecumenical Temple.
   417 | D:4      | Noticed a scorpion
   422 | D:4      | Killed a scorpion
   423 | D:4      | Reached skill level 5 in Ice Magic
   423 | D:4      | Reached XP level 5. HP: 40/40 MP: 2/8
   427 | D:4      | Learned a level 3 spell: Ozocubu's Armour
   438 | Temple   | Entered the Ecumenical Temple
   447 | Temple   | Became a worshipper of Ashenzari the Shackled
   482 | D:4      | Noticed a black bear
  1094 | D:3      | Found a transporter.
  1181 | D:3      | Reached * piety under Ashenzari
  1269 | D:5      | Entered Level 5 of the Dungeon
  1296 | D:5      | Reached XP level 6. HP: 32/50 MP: 2/10
  1314 | D:4      | Reached skill level 1 in Fighting
  1427 | D:4      | Reached skill level 1 in Summonings
  1487 | D:4      | Learned a level 4 spell: Summon Ice Beast
  1599 | D:3      | Killed ZoeForever1's ghost
  1600 | D:3      | Reached XP level 7. HP: 59/59 MP: 1/11
  1731 | D:5      | Reached ** piety under Ashenzari
  2007 | D:7      | Noticed a steam dragon
  2241 | D:6      | Reached skill level 5 in Summonings
  2272 | D:6      | Reached XP level 8. HP: 56/67 MP: 6/14
  2367 | D:6      | Found a sacrificial altar of Ru.
  2433 | D:7      | Found a basalt altar of Yredelemnul.
  2446 | D:7      | Found a hazy altar of Hepliaklqana.
  2457 | D:8      | Noticed a troll
  2470 | D:8      | Killed a troll
  2471 | D:8      | Reached skill level 1 in Conjurations
  2475 | D:8      | Learned a level 3 spell: Hailstorm
  2822 | D:7      | Reached XP level 9. HP: 51/74 MP: 10/15
  2840 | D:7      | Found Leraimi's Jewellery Boutique.
  2859 | D:7      | Found Sunlix's Distillery.
  2911 | D:7      | Bought a potion of haste for 110 gold pieces
  2911 | D:7      | Bought a potion of brilliance for 44 gold pieces
  2911 | D:7      | Bought a potion of haste for 110 gold pieces
  3035 | D:7      | Noticed a two-headed ogre
  3047 | D:7      | Killed a two-headed ogre
  3125 | D:7      | Learned a level 3 spell: Mephitic Cloud
  3128 | D:7      | Learned a level 2 spell: Poisonous Vapours
  3137 | D:7      | Found Cituki's Weapon Shop.
  3174 | D:7      | Reached skill level 1 in Air Magic
  3174 | D:7      | Reached skill level 1 in Poison Magic
  3431 | D:8      | Learned a level 4 spell: Olgreb's Toxic Radiance
  3565 | D:8      | Found a snail-covered altar of Cheibriados.
  3614 | D:8      | Reached XP level 10. HP: 82/82 MP: 13/22
  3642 | D:9      | Found a staircase to the Lair.
  3653 | D:9      | Reached skill level 1 in Evocations
  3764 | D:9      | Reached *** piety under Ashenzari
  3808 | D:9      | Reached skill level 5 in Poison Magic
  3942 | D:10     | Entered Level 10 of the Dungeon
  3950 | D:10     | Noticed Harold
  4009 | D:10     | Paralysed by a hornet for 2 turns
  4474 | D:11     | Found Nice's Armour Shop.
  4476 | D:11     | Found a staircase to the Orcish Mines.
  4540 | D:11     | Found Beanoh Qac's Weapon Shop.
  4555 | Orc:1    | Entered Level 1 of the Orcish Mines
  4555 | Orc:1    | Noticed Fannar
  4555 | Orc:1    | Noticed Josephine
  4559 | Orc:2    | Entered Level 2 of the Orcish Mines
  4723 | Orc:2    | Found a staircase to the Elven Halls.
  4742 | Orc:2    | Reached XP level 11. HP: 87/87 MP: 10/24
  4755 | Orc:2    | Noticed an orc knight
  4815 | Orc:2    | Noticed an orc sorcerer
  4866 | Orc:2    | Noticed an orc knight
  4888 | Orc:2    | Killed an orc knight
  4927 | Orc:2    | Found a runed translucent door.
  4930 | Orc:2    | Noticed Pooter's ghost (journeyman MiFi)
  4940 | Orc:2    | Found an iron altar of Okawaru.
  4985 | Orc:2    | Noticed Snorg
  4991 | Orc:2    | Killed Snorg
  5270 | Orc:2    | Noticed an orc sorcerer
  5277 | Orc:2    | Killed an orc sorcerer
  5301 | Orc:2    | Noticed an orc high priest
  5312 | Orc:2    | Killed an orc high priest
  5313 | Orc:2    | Reached skill level 5 in Fighting
  5339 | Orc:2    | Upgraded the game from 0.30-a0-852-g08b95dd62f to
                  | 0.30-a0-857-gcaf70739d4
  5434 | Orc:2    | Killed an orc sorcerer
  5441 | Orc:2    | Noticed an orc knight
  5475 | Orc:2    | Killed an orc knight
  5497 | Orc:2    | Killed an orc knight
  5588 | Orc:2    | Noticed an orc high priest
  5600 | Orc:2    | Killed an orc high priest
  5620 | Orc:2    | Noticed an orc sorcerer
  5628 | Orc:2    | Killed an orc sorcerer
  5666 | Orc:2    | Noticed an orc high priest
  5707 | Orc:2    | Killed an orc high priest
  5780 | Orc:2    | Noticed an orc warlord
  5786 | Orc:2    | Reached XP level 12. HP: 108/108 MP: 16/26
  5794 | Orc:2    | Reached skill level 1 in Armour
  5871 | Orc:2    | Killed an orc warlord
  5941 | Orc:2    | Found Bihaloci's General Store.
  5942 | Orc:2    | Found Evafob's Jewellery Shoppe.
  5943 | Orc:2    | Noticed an orc high priest
  5945 | Orc:2    | Found Vuse's Antique Armour Emporium.
  5945 | Orc:2    | Found Nocitzy's Antique Weapon Emporium.
  5960 | Orc:2    | Paralysed by a chaos spawn for 3 turns
  5965 | Orc:2    | Killed an orc high priest
  5985 | Orc:2    | Reached skill level 5 in Armour
  6035 | Orc:2    | Bought the amulet of the Everdark {RegenMP Str+4 Int+3} for
                  | 723 gold pieces
  6123 | Orc:1    | Noticed Erica
  6145 | Orc:1    | Killed Erica
  6256 | Orc:2    | Reached skill level 5 in Stealth
  6271 | Orc:1    | Noticed a two-headed ogre
  6284 | Orc:2    | Killed Fannar
  6295 | Orc:1    | Killed Josephine
  6299 | Orc:1    | Killed a two-headed ogre
  6463 | Lair:1   | Entered Level 1 of the Lair of Beasts
  6749 | Lair:3   | Found a hole to the Spider Nest.
  6789 | Lair:3   | Found a staircase to the Shoals.
  6851 | Lair:3   | Learned a level 3 spell: Swiftness
  6854 | Lair:3   | Learned a level 2 spell: Passwall
  6949 | Lair:4   | Reached skill level 1 in Transmutations
  6949 | Lair:4   | Reached skill level 1 in Earth Magic
  7053 | Lair:4   | Reached **** piety under Ashenzari
  7099 | Lair:4   | Reached XP level 13. HP: 118/118 MP: 24/30
  7207 | Lair:5   | Entered Level 5 of the Lair of Beasts
  7645 | Lair:5   | Reached skill level 10 in Spellcasting
  7759 | Lair:5   | Noticed a dire elephant
  7802 | Lair:5   | Killed a dire elephant
  7934 | Lair:5   | Found a burning altar of Makhleb.
  8053 | Lair:5   | Found a gateway to Hell.
  8158 | Lair:4   | Reached skill level 5 in Evocations
  8190 | Lair:4   | Found a viscous altar of Jiyva.
  8190 | Lair:4   | Found a staircase to the Slime Pits.
  8573 | Lair:2   | Reached XP level 14. HP: 110/132 MP: 26/32
  8582 | Lair:2   | Reached ***** piety under Ashenzari
  9272 | D:13     | Found a gate to the Vaults.
  9272 | D:13     | Identified the amulet of Unupeir {Faith rC+ rCorr Str+3}
  9320 | D:13     | Found a sacrificial altar of Ru.
  9472 | D:13     | Learned a level 3 spell: Ignite Poison
  9680 | D:14     | Reached skill level 1 in Fire Magic
  9681 | D:14     | Found Haewekku's Assorted Antiques.
  9689 | D:14     | Bought a green potion for 25 gold pieces
  9723 | D:14     | Found Plog's Magic Scroll Boutique.
  9726 | D:14     | Bought a scroll of butterflies for 44 gold pieces
  9726 | D:14     | Bought a scroll of poison for 44 gold pieces
  9726 | D:14     | Bought a scroll of immolation for 44 gold pieces
  9730 | D:14     | Found Egaaj's Armour Emporium.
  9733 | D:14     | Found Leofomys's Jewellery Boutique.
  9744 | D:14     | Bought a +0 barding of fire resistance for 420 gold pieces
  9794 | D:14     | Learned a level 5 spell: Irradiate
  9806 | D:14     | Noticed Rupert
  9823 | D:14     | Killed Rupert
  9828 | D:14     | Gained mutation: You are vulnerable to heat. (rF-)
                  | [mutagenic glow]
  9832 | D:14     | Lost mutation: You are vulnerable to heat. (rF-) [potion of
                  | mutation]
  9832 | D:14     | Gained mutation: Your mind is acute. (Int +4, Str/Dex -1)
                  | [potion of mutation]
  9832 | D:14     | Gained mutation: You have a somewhat thin skeletal
                  | structure. (Dex +2, Stealth+) [potion of mutation]
  9832 | D:14     | Gained mutation: You are partially covered in iridescent
                  | scales. (AC +2) [potion of mutation]
  9832 | D:14     | Lost mutation: Your mind is acute. (Int +4, Str/Dex -1)
                  | [potion of mutation]
  9832 | D:14     | Gained mutation: Your muscles are strong. (Str +4, Int/Dex
                  | -1) [potion of mutation]
  9948 | D:14     | Reached skill level 5 in Transmutations
  9968 | D:15     | Entered Level 15 of the Dungeon
  9980 | D:15     | Reached skill level 5 in Conjurations
 10056 | D:14     | Found Unagh's Armour Boutique.
 10283 | D:12     | Learned a level 5 spell: Borgnjor's Vile Clutch
 10283 | D:12     | Noticed Frances
 10289 | D:12     | Killed Frances
 10381 | Elf:1    | Entered Level 1 of the Elven Halls
 10386 | Elf:1    | Reached XP level 15. HP: 126/150 MP: 22/35
 10395 | Elf:1    | Reached skill level 5 in Earth Magic
 10472 | Elf:1    | Found Duteroor's Jewellery Boutique.
 10472 | Elf:1    | Found Carir's Antique Armour Shop.
 10472 | Elf:1    | Found Yqacheigg's Antique Armour Boutique.
 10504 | Elf:1    | Found a frozen archway.
 10526 | IceCv    | Entered an ice cave
 10708 | Elf:2    | Reached skill level 5 in Necromancy
 10770 | Elf:2    | Found a shimmering blue altar of Sif Muna.
 10775 | Elf:3    | Entered Level 3 of the Elven Halls
 10785 | Elf:3    | Learned a level 4 spell: Animate Dead
 10985 | Elf:3    | Learned a level 6 spell: Death Channel
 11019 | Elf:3    | Noticed a deep elf sorcerer
 11020 | Abyss:2  | Cast into level 2 of the Abyss (a deep elf sorcerer)
 11021 | Abyss:2  | Upgraded the game from 0.30-a0-857-gcaf70739d4 to
                  | 0.30-a0-859-gf88a04b62d
 11053 | Abyss:2  | Found a corrupted altar of Lugonu.
 11066 | Abyss:3  | Found a corrupted altar of Lugonu.
 11069 | Abyss:3  | Found a corrupted altar of Lugonu.
 11074 | Elf:3    | Escaped the Abyss
 11074 | Elf:3    | Noticed a deep elf sorcerer
 11101 | Elf:3    | Killed a deep elf sorcerer
 11130 | Elf:3    | Killed a deep elf sorcerer
 11139 | Elf:3    | Noticed an Executioner
 11187 | Elf:3    | Noticed a deep elf blademaster
 11191 | Elf:3    | Identified the +6 long sword of the Ageless Xalams {heavy,
                  | rPois}
 11191 | Elf:3    | Identified the +0 leather armour of the Sky {Rampage rCorr}
 11196 | Elf:3    | Killed a deep elf blademaster
 11254 | Elf:3    | Noticed a deep elf master archer
 11265 | Elf:3    | Killed a deep elf master archer
 11314 | Elf:3    | Noticed a deep elf sorcerer
 11315 | Elf:3    | Identified the ring "Lemel" {rPois Str+3}
 11323 | Elf:3    | Killed a deep elf sorcerer
 11337 | Elf:3    | Identified the +4 broad axe "Pofiso" {drain, Will+}
 11345 | Elf:3    | Reached skill level 10 in Stealth
 11352 | Elf:3    | Identified the Catalogue of Trauma and Orogeny
 11357 | Elf:3    | Identified the +5 sling "Weant" {elec, rElec rF+ rN+}
 11396 | Elf:3    | Identified the amulet of the Death Scarab {rPois Will+
                  | Regen+ Str-5}
 11414 | Elf:3    | Noticed a deep elf blademaster
 11430 | Elf:3    | Killed a deep elf blademaster
 11431 | Elf:3    | Reached XP level 16. HP: 108/154 MP: 1/34
 11482 | Elf:3    | Identified the +0 scale mail of Nean {rF++}
 11482 | Elf:3    | Noticed a deep elf master archer
 11488 | Elf:3    | Identified the +5 demon trident "Fimejec" {flame, rC+ rN+
                  | Int+3}
 11489 | Elf:3    | Killed a deep elf master archer
 11490 | Elf:3    | Identified the Codex of the Bane and Invitation
 11763 | Elf:1    | Bought a pair of runed gloves for 180 gold pieces
 12167 | D:7      | Bought the ring "Tymaenio" {rC+ rCorr Int+6} for 722 gold
                  | pieces
 12341 | Spider:1 | Entered Level 1 of the Spider Nest
 12387 | Spider:1 | Learned a level 2 spell: Sublimation of Blood
 12701 | Spider:4 | Entered Level 4 of the Spider Nest
 12723 | Spider:4 | Reached skill level 10 in Necromancy
 12871 | Spider:4 | Reached skill level 1 in Translocations
 12876 | Spider:4 | Learned a level 2 spell: Blink
 13107 | Spider:4 | Reached XP level 17. HP: 96/160 MP: 11/37
 13111 | Spider:4 | Got a gossamer rune of Zot
 13286 | Shoals:1 | Entered Level 1 of the Shoals
 13535 | Shoals:4 | Entered Level 4 of the Shoals
 13664 | Shoals:4 | Reached skill level 5 in Fire Magic
 13830 | Shoals:4 | Got a barnacled rune of Zot
 13845 | Shoals:4 | Identified a scroll of acquirement
 13854 | Shoals:4 | Acquired 688 gold pieces
 13886 | Shoals:3 | Identified the ring of Gureuc {*Slow rPois rC+ Int+2 Dex+3}
 13933 | Shoals:2 | Identified the +3 pair of gloves "Viocke" {rPois rCorr}
 13985 | Shoals:1 | Found Boisil's Antique Armour Shoppe.
 14007 | Shoals:1 | Found a gateway to a bazaar.
 14013 | Bazaar   | Entered a bazaar
 14013 | Bazaar   | Found Bousch's Magic Scroll Shop.
 14013 | Bazaar   | Found Evoumpy's Magic Scroll Shop.
 14013 | Bazaar   | Found Yvaxur's Armour Boutique.
 14016 | Bazaar   | Bought a scroll of enchant armour for 105 gold pieces
 14016 | Bazaar   | Bought a scroll of enchant armour for 105 gold pieces
 14016 | Bazaar   | Bought a scroll of fear for 56 gold pieces
 14024 | Bazaar   | Bought a scroll of blinking for 75 gold pieces
 14024 | Bazaar   | Bought a scroll of teleportation for 30 gold pieces
 14024 | Bazaar   | Bought a scroll of teleportation for 30 gold pieces
 14129 | Slime:1  | Entered Level 1 of the Pits of Slime
 14142 | Lair:4   | Learned a level 7 spell: Ozocubu's Refrigeration
 14163 | Slime:2  | Noticed an acid blob
 14183 | Slime:2  | Killed an acid blob
 14224 | Slime:2  | Gained mutation: You are occasionally teleported next to
                  | monsters. [a shining eye]
 14248 | Slime:4  | Noticed an acid blob
 14253 | Slime:5  | Entered Level 5 of the Pits of Slime
 14271 | Slime:5  | Noticed an acid blob
 14274 | Slime:5  | Identified the Folio of the Pyromaniac
 14278 | Slime:5  | Noticed the Royal Jelly
 14280 | Slime:5  | Killed an acid blob
 14289 | Slime:5  | Noticed an acid blob
 14297 | Slime:5  | Noticed an acid blob
 14297 | Slime:5  | Noticed an acid blob
 14299 | Slime:5  | Noticed an acid blob
 14302 | Slime:5  | Killed an acid blob
 14303 | Slime:5  | Noticed an acid blob
 14303 | Slime:5  | Killed an acid blob
 14303 | Slime:5  | Killed an acid blob
 14303 | Slime:5  | Killed an acid blob
 14304 | Slime:5  | Noticed an acid blob
 14304 | Slime:5  | Killed the Royal Jelly
 14304 | Slime:5  | Noticed an acid blob
 14304 | Slime:5  | Noticed an acid blob
 14305 | Slime:5  | Reached skill level 10 in Ice Magic
 14309 | Slime:5  | Killed an acid blob
 14362 | Slime:5  | Identified the +8 sling "Emaeng" {drain, rElec rPois rC-
                  | Int+2}
 14363 | Slime:5  | Identified the amulet "Weemuata" {Faith rElec Will++}
 14365 | Slime:5  | Identified Uffos's Catalogue of Moving Lava
 14388 | Slime:5  | Got a slimy rune of Zot
 14396 | Slime:5  | Identified Ruumar's Precepts of Mud and the Door
 14398 | Slime:5  | Identified the +2 pair of gloves of Feowni {Int+3}
 14400 | Slime:5  | Identified the +4 mace of Havoc {venom, Fly rC+ Will+}
 14502 | Slime:5  | Noticed an acid blob
 14515 | Slime:5  | Killed an acid blob
 14516 | Slime:5  | Reached XP level 18. HP: 167/174 MP: 14/41
 14553 | Slime:5  | Gained mutation: You are agile. (Dex +4, Str/Int -1) [a
                  | shining eye]
 14918 | Vaults:1 | Entered Level 1 of the Vaults
 15042 | Vaults:2 | Reached skill level 15 in Spellcasting
 15063 | Vaults:3 | Noticed Jory
 15092 | Vaults:3 | Killed Jory
 15161 | Vaults:3 | Noticed Asterion
 15171 | Vaults:3 | Killed Asterion
 15181 | Vaults:3 | Found a transporter.
 15181 | Vaults:3 | Identified the ring "Posatayxt" {rPois rC+ Will+}
 15336 | Vaults:3 | Found a transporter.
 15381 | Vaults:3 | Reached skill level 10 in Fire Magic
 15433 | Vaults:3 | Noticed Frederick
 15440 | Vaults:3 | Killed Frederick
 15441 | Vaults:3 | Reached XP level 19. HP: 134/181 MP: 8/44
 15455 | Vaults:3 | Learned a level 8 spell: Ignition
 15528 | Vaults:4 | Noticed Sojobo
 15534 | Vaults:4 | Killed Sojobo
 15584 | Vaults:5 | Entered Level 5 of the Vaults
 15585 | Vaults:5 | Noticed Xtahua
 15598 | Vaults:5 | Lost mutation: You are agile. (Dex +4, Str/Int -1) [potion
                  | of mutation]
 15598 | Vaults:5 | Lost mutation: You are occasionally teleported next to
                  | monsters. [potion of mutation]
 15598 | Vaults:5 | Lost mutation: You have a somewhat thin skeletal structure.
                  | (Dex +2, Stealth+) [potion of mutation]
 15598 | Vaults:5 | Lost mutation: You are partially covered in iridescent
                  | scales. (AC +2) [potion of mutation]
 15598 | Vaults:5 | Lost mutation: Your muscles are strong. (Str +4, Int/Dex
                  | -1) [potion of mutation]
 15598 | Vaults:5 | Gained mutation: Your flesh is cold resistant. (rC+)
                  | [potion of mutation]
 15598 | Vaults:5 | Gained mutation: Your spells are a little easier to cast,
                  | but a little less powerful. [potion of mutation]
 15694 | Vaults:5 | Noticed a golden dragon
 15699 | Vaults:5 | Killed Xtahua
 15709 | Vaults:5 | Killed a golden dragon
 15779 | Vaults:5 | Identified the +2 leather armour "Zetrol" {rF+ Str+5}
 15874 | Vaults:5 | Paralysed by a sphinx for 5 turns
 15888 | Vaults:5 | Noticed a golden dragon
 15894 | Vaults:5 | Killed a golden dragon
 15895 | Vaults:5 | Reached skill level 15 in Fire Magic
 15927 | Vaults:5 | Identified the +1 chain mail of Laulanu {rN++ Str+3 SInv}
 16024 | Vaults:5 | an iron dragon changed into a shard shrike
 16024 | Vaults:5 | Noticed a shard shrike (glowing shapeshifter)
 16031 | Vaults:5 | Noticed a juggernaut
 16031 | Vaults:5 | a juggernaut changed into a rockslime
 16044 | Vaults:5 | Reached XP level 20. HP: 142/182 MP: 11/43
 16100 | Vaults:5 | Identified the +1 troll leather armour of Conscience
                  | {Regen+ Str+2 Int+2}
 16257 | Vaults:5 | Got a silver rune of Zot
 16365 | Vaults:3 | Reached skill level 10 in Fighting
 16574 | D:12     | Found a shimmering altar of Xom.
 16576 | D:12     | Found a shadowy altar of Dithmenos.
 16576 | D:12     | Found a stormy altar of Qazlal.
 16578 | D:12     | Found a radiant altar of Vehumet.
 16578 | D:12     | Found a radiant altar of Vehumet.
 16578 | D:12     | Found a stormy altar of Qazlal.
 16701 | Elf:1    | Bought the ring "Vuqoeqan" {Fly rElec Will++} for 637 gold
                  | pieces
 16705 | Elf:1    | Bought an ichor-stained scale mail for 216 gold pieces
 16705 | Elf:1    | Identified the +3 scale mail of Gestures {Int+2 Dex+5
                  | Slay+2} (You bought it in a shop on level 1 of the Elven
                  | Halls)
 16705 | Elf:1    | Bought a pitted leather armour for 168 gold pieces
 16705 | Elf:1    | Identified the +3 leather armour of the Pits of Slime
                  | {-Cast rElec rN+++ Dex+4} (You bought it in a shop on level
                  | 1 of the Elven Halls)
 16707 | Elf:1    | Bought a twisted ring mail for 234 gold pieces
 16707 | Elf:1    | Identified the +0 ring mail "Dogefer" {rC- Slay+6} (You
                  | bought it in a shop on level 1 of the Elven Halls)
 16803 | Orc:2    | Bought a potion of curing for 39 gold pieces
 16803 | Orc:2    | Bought a potion of haste for 130 gold pieces
 16803 | Orc:2    | Bought a wand of roots (5) for 156 gold pieces
 16803 | Orc:2    | Bought a scroll of magic mapping for 97 gold pieces
 16881 | D:11     | Found a transporter.
 16917 | Abyss:3  | Cast into level 3 of the Abyss (a wizard)
 16946 | Abyss:4  | Found a corrupted altar of Lugonu.
 17027 | Abyss:4  | Got an abyssal rune of Zot
 17202 | Abyss:4  | Found a corrupted altar of Lugonu.
 17205 | D:12     | Escaped the Abyss
 17250 | D:15     | Found a staircase to the Depths.
 17426 | Depths:1 | Entered Level 1 of the Depths
 17514 | Depths:1 | Found a magical portal.
 17516 | WizLab   | Entered Wucad Mu's Monastery
 17579 | WizLab   | Found the +9 staff of Wucad Mu {*channel}
 17608 | WizLab   | Reached XP level 21. HP: 202/202 MP: 34/44
 17608 | WizLab   | Reached XP level 22. HP: 211/211 MP: 34/45
 17691 | Depths:1 | Upgraded the game from 0.30-a0-859-gf88a04b62d to
                  | 0.30-a0-860-g512cf1e979
 17720 | Depths:2 | Found Soetrut's Jewellery Boutique.
 17732 | Depths:2 | Noticed Vv
 17954 | Depths:1 | Reached XP level 23. HP: 218/218 MP: 28/47
 18069 | Depths:1 | Found Unow's General Store.
 18091 | Depths:1 | Bought a potion of heal wounds for 65 gold pieces
 18091 | Depths:1 | Bought a scroll of acquirement for 676 gold pieces
 18091 | Depths:1 | Acquired the +6 lightning scales {swift, rElec}
 18091 | Depths:1 | Found the +6 lightning scales {swift, rElec}
 18176 | Depths:1 | Found Ycvasoco's General Store.
 18224 | Depths:2 | Noticed a caustic shrike
 18231 | Depths:2 | Killed a caustic shrike
 18565 | Depths:4 | Entered Level 4 of the Depths
 18650 | Depths:4 | Found a one-way gateway to a ziggurat.
 18650 | Depths:4 | Noticed a dread lich
 18665 | Depths:4 | Killed a dread lich
 18677 | Zig:1    | Entered Level 1 of a ziggurat
 18726 | Zig:2    | Entered Level 2 of a ziggurat
 18749 | Zig:3    | Entered Level 3 of a ziggurat
 18769 | Zig:4    | Entered Level 4 of a ziggurat
 18784 | Zig:5    | Entered Level 5 of a ziggurat
 18786 | Zig:5    | Identified the Commentary on Macabre Shaping
 18787 | Zig:5    | Found the +5 glaive of the Guard {elec, spectral, AC+5}
 18787 | Zig:5    | Identified Vv's Discourse on Causimancy and Algor
 18812 | Zig:6    | Entered Level 6 of a ziggurat
 18815 | Zig:6    | Identified the amulet of Villyzus {Faith rF- Will+ Regen+}
 18839 | Zig:7    | Entered Level 7 of a ziggurat
 18921 | Zig:8    | Entered Level 8 of a ziggurat
 18949 | Zig:8    | Identified the +4 great sword "Azopsunu" {antimagic, rElec
                  | Dex+2}
 18958 | Zig:8    | Reached XP level 24. HP: 179/235 MP: 28/51
 18958 | Zig:8    | Reached XP level 25. HP: 184/241 MP: 28/51
 19123 | Depths:4 | Reached XP level 26. HP: 72/241 MP: 22/51
 19189 | Depths:4 | Learned a level 6 spell: Simulacrum
 19368 | Depths:3 | Found a one-way gate to the infinite horrors of the Abyss.
 19418 | Depths:3 | Paralysed by a floating eye for 3 turns
 19466 | Depths:3 | Identified the Cyclopedia of Geometric Soot
 19568 | Depths:3 | Found Niyd's Armour Boutique.
 19681 | Depths:2 | Noticed a juggernaut
 19689 | Depths:2 | Killed a juggernaut
 19825 | Depths:2 | Reached XP level 27. HP: 262/262 MP: 51/51
 19857 | Depths:2 | Identified the +1 leather armour "Kimasot" {Will+ Str-5
                  | Int+4 Dex+3}
 19898 | Depths:2 | Found a one-way gate leading to the halls of Pandemonium.
 20023 | Depths:2 | Killed Vv
 20041 | Depths:1 | Found Gootunuy's Jewellery Boutique.
 20235 | Depths:1 | Learned a level 4 spell: Passage of Golubria
 20347 | Vaults:1 | Acquired 517 gold pieces
 20405 | Vaults:1 | Reached skill level 5 in Translocations
 20558 | Vaults:1 | Found a portal to a secret trove of treasure.
 20687 | Depths:1 | Bought a scroll of enchant weapon for 97 gold pieces
 20805 | Vaults:2 | Learned a level 8 spell: Necromutation
 21111 | Vaults:1 | You paid a toll of a +7 demon trident to enter a treasure
                  | trove
 21112 | Trove    | Entered a treasure trove
 21112 | Trove    | Identified the +2 kite shield "Ybiegom" {Contam rF+ rN+++
                  | Slay+2}
 21112 | Trove    | Identified the amulet of Nemelex Xobeh's Pride {Acrobat
                  | rPois rF+ SInv}
 21112 | Trove    | Identified the amulet "Beneheoqif" {RegenMP +Blink}
 21112 | Trove    | Identified the ring of Guerphee {+Blink rPois rC+ AC+4}
 21112 | Trove    | Identified the +1 hat "Omat" {rPois Str+2}
 21112 | Trove    | Identified the ring "Kemug" {rCorr Str+6 Dex+6}
 21112 | Trove    | Identified the ring of the Sun {+Blink rF+ rC- Str+4 Dex+6}
 21118 | Trove    | Identified the ring "Fuq Cogh" {+Blink rPois rC++ MP+9
                  | Str-4}
 21205 | Vaults:2 | Found a staircase to the Crypt.
 21234 | Crypt:1  | Entered Level 1 of the Crypt
 21375 | Crypt:2  | Found a huge runed gate.
 21375 | Crypt:2  | Found a huge runed gate.
 21375 | Crypt:2  | Found a huge runed gate.
 21376 | Crypt:2  | Found a huge runed gate.
 21377 | Crypt:2  | Found a huge runed gate.
 21377 | Crypt:2  | Found a huge runed gate.
 21378 | Crypt:2  | Found a huge runed gate.
 21378 | Crypt:2  | Found a huge runed gate.
 21378 | Crypt:2  | Found a huge runed gate.
 21378 | Crypt:2  | Found a huge runed gate.
 21390 | Crypt:2  | Noticed a dread lich
 21390 | Crypt:2  | Noticed an ancient lich
 21390 | Crypt:2  | Noticed an ancient lich
 21396 | Crypt:2  | Killed an ancient lich
 21397 | Crypt:2  | Killed a dread lich
 21398 | Crypt:2  | Noticed Khufu
 21398 | Crypt:2  | Killed an ancient lich
 21404 | Crypt:2  | Noticed a royal mummy
 21505 | Crypt:2  | Noticed a royal mummy
 21510 | Crypt:2  | Killed a royal mummy
 21511 | Crypt:2  | Killed a royal mummy
 21526 | Crypt:2  | Killed Khufu
 21668 | Crypt:3  | Entered Level 3 of the Crypt
 21700 | Crypt:2  | Noticed Mennas
 22003 | Crypt:3  | Identified the +1 leather armour "Nialule" {rF+ Int+3}
 22142 | Crypt:3  | Found a basalt altar of Yredelemnul.
 22145 | Crypt:3  | Found an ancient bone altar of Kikubaaqudgha.
 22150 | Crypt:3  | Identified the +5 scimitar "Hydrabane" {flame, Int+3}
 22261 | Crypt:3  | Found a staircase to the Tomb.
 22310 | Tomb:1   | Entered Level 1 of the Tomb of the Ancients
 22353 | Tomb:1   | Reached ****** piety under Ashenzari
 22449 | Tomb:1   | Noticed a royal mummy
 22455 | Tomb:1   | Killed a royal mummy
 22466 | Tomb:1   | Noticed a royal mummy
 22473 | Tomb:1   | Killed a royal mummy
 22486 | Tomb:1   | Learned a level 8 spell: Lehudib's Crystal Spear
 22539 | Tomb:1   | Reached skill level 10 in Conjurations
 22736 | Tomb:2   | Noticed a royal mummy
 22744 | Tomb:2   | Killed a royal mummy
 22748 | Tomb:2   | Noticed a royal mummy
 22750 | Tomb:2   | Noticed a royal mummy
 22751 | Tomb:2   | Noticed a royal mummy
 22752 | Tomb:2   | Killed a royal mummy
 22752 | Tomb:2   | Killed a royal mummy
 22752 | Tomb:2   | Killed a royal mummy
 22753 | Tomb:2   | Noticed a royal mummy
 22762 | Tomb:2   | Killed a royal mummy
 22764 | Tomb:2   | Reached skill level 10 in Earth Magic
 22856 | Tomb:1   | Noticed a royal mummy
 22858 | Tomb:1   | Noticed a royal mummy
 22860 | Tomb:1   | Noticed a royal mummy
 22860 | Tomb:1   | Noticed a royal mummy
 22860 | Tomb:1   | Noticed a royal mummy
 22861 | Tomb:1   | Noticed a royal mummy
 22861 | Tomb:1   | Noticed a royal mummy
 22862 | Tomb:1   | Killed a royal mummy
 22863 | Tomb:1   | Killed a royal mummy
 22863 | Tomb:1   | Killed a royal mummy
 22863 | Tomb:1   | Killed a royal mummy
 22863 | Tomb:1   | Killed a royal mummy
 22863 | Tomb:1   | Killed a royal mummy
 22863 | Tomb:1   | HP: 9/267 [royal mummy/divine providence (12)]
 22867 | Tomb:1   | Noticed a royal mummy
 22868 | Tomb:1   | Noticed a royal mummy
 22869 | Tomb:1   | Killed a royal mummy
 22870 | Tomb:1   | HP: 13/268 [royal mummy (21)]
 23092 | Tomb:1   | Killed a royal mummy
 23098 | Tomb:1   | Noticed a royal mummy
 23104 | Tomb:1   | Killed a royal mummy
 23106 | Tomb:1   | Killed a royal mummy
 23137 | Tomb:1   | Noticed a royal mummy
 23144 | Tomb:1   | Killed a royal mummy
 23174 | Tomb:1   | Noticed a royal mummy
 23183 | Tomb:1   | Killed a royal mummy
 23184 | Tomb:1   | Reached skill level 15 in Fighting
 23193 | Tomb:1   | Noticed a royal mummy
 23200 | Tomb:1   | Killed a royal mummy
 23245 | Tomb:1   | Noticed a royal mummy
 23249 | Tomb:1   | Killed a royal mummy
 23249 | Tomb:1   | Noticed a royal mummy
 23257 | Tomb:1   | Killed a royal mummy
 23260 | Tomb:1   | Noticed a royal mummy
 23297 | Tomb:1   | Identified the +6 scale mail of the Sheltering Gods {Contam
                  | Harm rF- rCorr}
 23408 | Tomb:1   | Killed a royal mummy
 23420 | Tomb:1   | Noticed a royal mummy
 23424 | Tomb:1   | Killed a royal mummy
 23432 | Tomb:1   | Noticed a royal mummy
 23436 | Tomb:1   | Killed a royal mummy
 23448 | Tomb:1   | Noticed a royal mummy
 23451 | Tomb:1   | Noticed a royal mummy
 23457 | Tomb:1   | Killed a royal mummy
 23462 | Tomb:1   | Killed a royal mummy
 23531 | Tomb:2   | Reached skill level 5 in Dodging
 23668 | Tomb:3   | Entered Level 3 of the Tomb of the Ancients
 23677 | Tomb:3   | Identified the ring of Devotion {rF+ rN+ Will++ Str+4}
 23677 | Tomb:3   | Identified the +4 quarterstaff "Tereonirch" {flame, Dex+4}
 23755 | Tomb:3   | Identified the +1 ring mail of Haugh {Will++ Regen+ Dex-4
                  | Slay+4}
 23779 | Tomb:3   | Noticed a royal mummy
 23784 | Tomb:3   | Killed a royal mummy
 23795 | Tomb:3   | Noticed a royal mummy
 23797 | Tomb:3   | Noticed a royal mummy
 23802 | Tomb:3   | Killed a royal mummy
 23802 | Tomb:3   | Killed a royal mummy
 23804 | Tomb:3   | Noticed a royal mummy
 23859 | Tomb:3   | Noticed a royal mummy
 23862 | Tomb:3   | Killed a royal mummy
 23862 | Tomb:3   | Killed a royal mummy
 23862 | Tomb:3   | Noticed a royal mummy
 23871 | Tomb:3   | Killed a royal mummy
 23963 | Tomb:3   | Noticed a royal mummy
 23968 | Tomb:3   | Killed a royal mummy
 23968 | Tomb:3   | Noticed a royal mummy
 24003 | Tomb:3   | Killed a royal mummy
 24031 | Tomb:3   | Noticed a royal mummy
 24036 | Tomb:3   | Killed a royal mummy
 24051 | Tomb:3   | Identified the +1 longbow "Otalatek" {drain, rElec Will-
                  | Int+4 Dex+5}
 24052 | Tomb:3   | Identified the +7 arbalest "Veemeff" {penet, rElec rN++
                  | Str-4 Int+2}
 24118 | Tomb:3   | Identified the amulet "Keff" {RegenMP Str+4}
 24202 | Tomb:3   | Got a golden rune of Zot
 24336 | Zig:1    | Entered Level 1 of a ziggurat
 24347 | Zig:2    | Entered Level 2 of a ziggurat
 24363 | Zig:3    | Entered Level 3 of a ziggurat
 24386 | Zig:4    | Entered Level 4 of a ziggurat
 24400 | Zig:4    | Learned a level 1 spell: Apportation
 24409 | Zig:5    | Entered Level 5 of a ziggurat
 24442 | Zig:6    | Entered Level 6 of a ziggurat
 24467 | Zig:7    | Entered Level 7 of a ziggurat
 24490 | Zig:8    | Entered Level 8 of a ziggurat
 24517 | Zig:9    | Entered Level 9 of a ziggurat
 24525 | Zig:9    | Identified the +1 dagger "Death Rattle" {speed, Will+ rCorr
                  | Int+3}
 24526 | Zig:9    | Identified the +3 falchion "Tygeydgh" {freeze, Contam rF+
                  | rC++}
 24547 | Zig:10   | Entered Level 10 of a ziggurat
 24555 | Zig:10   | Found the amulet of the Air {Inacc Air Fly rElec RMsl}
 24559 | Zig:10   | Reached skill level 10 in Summonings
 24583 | Zig:11   | Entered Level 11 of a ziggurat
 24595 | Zig:11   | Noticed a dread lich
 24595 | Zig:11   | Identified the +6 dagger of Jastiylo {venom, *Slow rF+
                  | Str+8 Dex+2}
 24596 | Zig:11   | Noticed an ancient lich
 24596 | Zig:11   | Identified the +3 plate armour "Mufer" {rPois}
 24596 | Zig:11   | Identified the Discursus on Gusty Damage
 24598 | Zig:11   | Killed a dread lich
 24600 | Zig:11   | Killed an ancient lich
 24602 | Zig:11   | Identified the amulet of Democracy {Acrobat Harm Str+3}
 24622 | Zig:12   | Entered Level 12 of a ziggurat
 24632 | Zig:12   | Identified the Vellum of Therianthropy
 24636 | Zig:12   | Identified the +3 plate armour of Fashionability {*Corrode
                  | rF+ Str+3}
 24653 | Zig:13   | Entered Level 13 of a ziggurat
 24660 | Zig:13   | Noticed a royal mummy
 24661 | Zig:13   | Noticed a royal mummy
 24661 | Zig:13   | Noticed a royal mummy
 24665 | Zig:13   | Noticed a royal mummy
 24666 | Zig:13   | Killed a royal mummy
 24667 | Zig:13   | Killed a royal mummy
 24667 | Zig:13   | Killed a royal mummy
 24669 | Zig:13   | Identified the ring "Funtaf" {Wiz rCorr Dex+3}
 24669 | Zig:13   | Noticed a royal mummy
 24671 | Zig:13   | Killed a royal mummy
 24673 | Zig:13   | Killed a royal mummy
 24675 | Zig:13   | Identified the ring "Gisuala" {Fly rN+ Int+2 Slay-5}
 24692 | Zig:13   | Learned a level 9 spell: Dragon's Call
 24702 | Zig:14   | Entered Level 14 of a ziggurat
 24711 | Zig:14   | Noticed an ancient lich
 24711 | Zig:14   | Noticed an ancient lich
 24712 | Zig:14   | Noticed an ancient lich
 24712 | Zig:14   | Noticed an ancient lich
 24714 | Zig:14   | Noticed a dread lich
 24715 | Zig:14   | Killed an ancient lich
 24715 | Zig:14   | Killed an ancient lich
 24716 | Zig:14   | Killed an ancient lich
 24719 | Zig:14   | Killed an ancient lich
 24719 | Zig:14   | Killed a dread lich
 24720 | Zig:14   | Identified the +8 scimitar "Paxomi" {flame, Fly rF- rN+++
                  | Will-}
 24722 | Zig:14   | Identified the +8 hand axe "Qeazovop" {heavy, rF- rC+ Str+2
                  | Dex+3}
 24722 | Zig:14   | Identified the +8 battleaxe "Bugh" {venom, rF+ Dex+5}
 24723 | Zig:14   | Identified the +1 plate armour of the Gloaming {rF+ rCorr
                  | Slay+2}
 24777 | Zig:15   | Entered Level 15 of a ziggurat
 24797 | Zig:15   | Identified the Vellum of the Fuming Throng
 24815 | Zig:16   | Entered Level 16 of a ziggurat
 24833 | Zig:16   | Reached skill level 15 in Summonings
 24837 | Zig:16   | Identified Sif Muna's Vellum of the Plateau
 24837 | Zig:16   | Found the +8 storm bow {elec, penet}
 24850 | Zig:16   | Lost mutation: Your flesh is cold resistant. (rC+) [potion
                  | of mutation]
 24850 | Zig:16   | Lost mutation: Your spells are a little easier to cast, but
                  | a little less powerful. [potion of mutation]
 24850 | Zig:16   | Gained mutation: Your magical capacity is low. (-10% MP)
                  | [potion of mutation]
 24850 | Zig:16   | Gained mutation: Your flesh is heat resistant. (rF+)
                  | [potion of mutation]
 24850 | Zig:16   | Gained mutation: Your movements are slightly less
                  | encumbered by armour. (ER -2) [potion of mutation]
 24851 | Zig:16   | Lost mutation: Your flesh is heat resistant. (rF+) [potion
                  | of mutation]
 24851 | Zig:16   | Lost mutation: Your magical capacity is low. (-10% MP)
                  | [potion of mutation]
 24851 | Zig:16   | Lost mutation: Your movements are slightly less encumbered
                  | by armour. (ER -2) [potion of mutation]
 24851 | Zig:16   | Gained mutation: You have hidden genetic potential. [potion
                  | of mutation]
 24851 | Zig:16   | Gained mutation: You have great hidden genetic potential.
                  | [potion of mutation]
 24851 | Zig:16   | Gained mutation: You have a somewhat thin skeletal
                  | structure. (Dex +2, Stealth+) [potion of mutation]
 24851 | Zig:16   | Gained mutation: You have an increased reservoir of magic.
                  | (+10% MP) [potion of mutation]
 24851 | Zig:16   | Gained mutation: You are robust. (+10% HP) [potion of
                  | mutation]
 24886 | Zig:17   | Entered Level 17 of a ziggurat
 24914 | Zig:17   | Identified the +0 chain mail of Happiness {rCorr Str-3
                  | Stlth+}
 24952 | Zig:18   | Entered Level 18 of a ziggurat
 24971 | Zig:18   | Identified the ring of Zuejotex {rC- Will+ rCorr Str+6}
 24975 | Zig:18   | Identified the +1 leather armour of Qazlal's Benevolence
                  | {rElec Slay+3}
 24976 | Zig:18   | Identified the amulet of Entrepreneurial Spirit {Acrobat
                  | rF+ Regen+}
 24976 | Zig:18   | Identified the +5 dire flail of Fefatude {venom, Str+5}
 24976 | Zig:18   | Identified the Almanac of the Assassin and Changes
 24976 | Zig:18   | Identified the ring of Greed {+Blink rC- rN+ Int+6}
 25003 | Zig:19   | Entered Level 19 of a ziggurat
 25023 | Zig:19   | Noticed Qarao the pandemonium lord
 25033 | Zig:19   | Noticed Qeshraduc the pandemonium lord
 25034 | Zig:19   | Noticed Fann the pandemonium lord
 25053 | Zig:19   | Noticed Cenkaz the pandemonium lord
 25056 | Zig:19   | Noticed Wimnutsi the pandemonium lord
 25059 | Zig:19   | Killed Cenkaz the pandemonium lord
 25068 | Zig:19   | Killed Wimnutsi the pandemonium lord
 25068 | Zig:19   | Noticed Hahadae the pandemonium lord
 25069 | Zig:19   | Noticed Ariofuocs the pandemonium lord
 25071 | Zig:19   | Killed Qarao the pandemonium lord
 25072 | Zig:19   | Killed Hahadae the pandemonium lord
 25072 | Zig:19   | Killed Ariofuocs the pandemonium lord
 25072 | Zig:19   | Killed Qeshraduc the pandemonium lord
 25076 | Zig:19   | Killed Fann the pandemonium lord
 25086 | Zig:19   | Identified the ring "Otulil" {Contam rN++ rCorr Str+3 SInv}
 25087 | Zig:19   | Identified the Vellum of Combat Magic
 25087 | Zig:19   | Identified Birpheoc's Directory of the Disjunct Sun
 25088 | Zig:19   | Identified the Parchment of the Disjunct Damned
 25114 | Crypt:3  | Identified the +1 sling "Beastslayer" {heavy, rElec rF- rC+
                  | Stlth+}
 25165 | Crypt:1  | Reached skill level 1 in Throwing
 25207 | Vaults:2 | Reached skill level 5 in Throwing
 25351 | Pan      | Entered Pandemonium
 25410 | Pan      | Noticed Vuskuofu the pandemonium lord
 25418 | Pan      | Killed Vuskuofu the pandemonium lord
 25420 | Pan      | Identified the ring "Haifregi" {Wiz Will+ Str+2 Dex-3}
 25495 | Pan      | Identified the +2 trident of Vowem {flame, Drain rElec
                  | rCorr}
 25514 | Pan      | Identified the +1 robe of the Furies {Rampage rF- Will++
                  | SInv}
 25543 | Pan      | Entered the realm of Cerebov.
 25587 | Pan      | Reached skill level 10 in Throwing
 25612 | Pan      | Found the +6 sword of Cerebov {flame}
 25612 | Pan      | Noticed Cerebov
 25619 | Pan      | Identified the +1 scale mail "Haan" {rC+ Int+2}
 25624 | Pan      | Killed Cerebov
 25630 | Pan      | Got a fiery rune of Zot
 25751 | Pan      | Reached skill level 10 in Armour
 25786 | Pan      | Noticed Raewoibb the pandemonium lord
 25795 | Pan      | Killed Raewoibb the pandemonium lord
 25854 | Depths:2 | Escaped Pandemonium
 25859 | Pan      | Entered Pandemonium
 25859 | Pan      | Identified the +6 broad axe of Kismet {vamp, Str+5}
 26032 | Pan      | Reached skill level 15 in Armour
 26092 | Pan      | Noticed a seraph
 26102 | Pan      | Killed a seraph
 26109 | Pan      | Reached skill level 10 in Dodging
 26112 | Pan      | Found a glowing golden altar of the Shining One.
 26115 | Pan      | Got a demonic rune of Zot
 26239 | Depths:2 | Escaped Pandemonium
 26241 | Pan      | Entered the realm of Gloorx Vloq.
 26241 | Pan      | Entered Pandemonium
 26330 | Pan      | Noticed Gloorx Vloq
 26337 | Pan      | Killed Gloorx Vloq
 26347 | Pan      | Got a dark rune of Zot
 26387 | Pan      | Found an exit through the horrors of the Abyss.
 26390 | Pan      | Noticed Qeiq the pandemonium lord
 26401 | Pan      | Entered the realm of Lom Lobon.
 26589 | Pan      | Noticed Lom Lobon
 26607 | Pan      | Got a magical rune of Zot
 26663 | Pan      | Entered the realm of Mnoleg.
 26666 | Pan      | Noticed Mnoleg
 26672 | Pan      | Killed Mnoleg
 26694 | Pan      | Got a glowing rune of Zot
 26723 | Pan      | Noticed Lom Lobon
 26732 | Pan      | Found an exit through the horrors of the Abyss.
 26738 | Pan      | Took an exit into the Abyss.
 26738 | Abyss:4  | Escaped into the Abyss
 26742 | Abyss:4  | Found a corrupted altar of Lugonu.
 26760 | Depths:2 | Escaped the Abyss
 26791 | Hell     | Entered the Vestibule of Hell
 26791 | Hell     | Noticed Geryon
 26824 | Depths:2 | Gained mutation: You have sharp fingernails. [hidden
                  | potential]
 26855 | Hell     | Killed Geryon
 26887 | Hell     | Found a gateway to the ashen valley of Gehenna.
 26958 | Geh:1    | Entered Level 1 of Gehenna
 27435 | Geh:7    | Entered Level 7 of Gehenna
 27588 | Geh:7    | Identified the +3 rapier "Nyscha Dops" {spect, Fragile rC+
                  | Str+4 Dex+3}
 27819 | Geh:7    | Found the +7 sceptre of Asmodeus
 27819 | Geh:7    | Noticed Asmodeus
 27841 | Geh:7    | Killed Asmodeus
 27844 | Geh:7    | Got an obsidian rune of Zot
 27940 | Hell     | Found a gateway to the decaying netherworld of Tartarus.
 27953 | Tar:1    | Entered Level 1 of Tartarus
 28268 | Tar:5    | Noticed a dread lich
 28273 | Tar:5    | Killed a dread lich
 28341 | Tar:6    | Reached skill level 15 in Evocations
 28371 | Tar:7    | Entered Level 7 of Tartarus
 28420 | Tar:7    | Noticed Ereshkigal
 28439 | Tar:7    | Killed Ereshkigal
 28444 | Tar:7    | Got a bone rune of Zot
 28551 | Hell     | Found a gateway to the freezing wastes of Cocytus.
 28602 | Coc:1    | Entered Level 1 of Cocytus
 28739 | Coc:6    | Noticed an ancient lich
 28753 | Coc:7    | Entered Level 7 of Cocytus
 28757 | Coc:7    | Paralysed by a wendigo for 1 turns
 28760 | Coc:7    | Paralysed by a wendigo for 1 turns
 28811 | Coc:7    | HP: 4/299 [Ice Fiend/bolt of cold (20)]
 28823 | Coc:7    | Killed from afar by a wendigo

Illustrated notes

Levels and vault maps discovered:
D:1:      nicolae_arrival_memento_mori, layout_basic, serial_forest,
          infiniplex_forest_zigzag_2, infiniplex_forest_end_double,
          infiniplex_forest_lined_ring, infiniplex_forest_lined_ring,
          infiniplex_forest_3_way, infiniplex_forest_straight_4,
          infiniplex_forest_corner_2, infiniplex_forest_clump_long,
          shapermc_ecumenical_altar_rom_forum, minmay_misc_feat_five,
          minmay_misc_feat_diagonals
D:2:      layout_loops_cross
D:3:      layout_rooms, gammafunk_ghost_mausoleum
D:4:      layout_cave_pools, minmay_temple_entry_hall
D:5:      layout_cave_pools
D:6:      layout_rooms, marbit_many_paths, nrook_loot_triangle,
          kennysheep_generic_room_13
D:7:      layout_basic, grunt_temple_overflow_cloverleaf, serial_shops, shop,
          shop_statue, nicolae_inconvenience_store, nicolae_shop_behind_doors,
          nicolae_shop_stone, hangedman_misty_isle
D:8:      layout_basic, mainiacjoe_overflow_cross_hatched, dk_noncrumbling_4,
          uniq_joseph
D:9:      layout_basic, david_lair_generic
D:10:     layout_irregular_city, st_stairs_6, dk_noncrumbling_2,
          minmay_door_square, eino_small_chamber_without_monster, uniq_harold
D:11:     layout_roguey, orc_david_3, gammafunk_ghost_stat_death, laboratory
D:12:     layout_basic, doesnt_xom_only_xom, uniq_frances
D:13:     layout_basic, grunt_vaults_entry_tiered, serial_demonic,
          serial_demonic_g, serial_demonic_d, serial_demonic_e,
          serial_demonic_g, serial_demonic_f, serial_demonic_c,
          nicolae_ru_great_annihilating_truth
D:14:     layout_rooms, serial_shops, shop, nicolae_shop_behind_doors, shop,
          nicolae_shop_advertising_works [nicolae_subvault_shop_adworks], shop,
          uniq_rupert
D:15:     gammafunk_depths_entry_grave, layout_loops_ring, old_standard_altar,
          nicolae_hydra_factorization
Temple:   eino_temple_scatter_basement
Lair:1:   layout_loops_ring
Lair:2:   layout_regular_city, cheibrodos_lair_caveside_slide, minivault_25,
          lemuel_centaur_altar, infiniplex_staircase_pool_2
Lair:3:   layout_small_grid, elwin_shoals_entry_rocks,
          spider_nest_entry_web_field, minmay_lair_oklob_bushes
Lair:4:   layout_cave_pods, minmay_slime_entry_oklob_enclosed
Lair:5:   evil_forest, layout_long_grid, infiniplex_staircase_pool,
          serial_bayou_shore_b
Shoals:1: layout_shoals, serial_shops, bzr_entry_safe, shop,
          nicolae_shop_statue_plus, nicolae_shop_waterfront, shop,
          nicolae_shoals_kraken_intersection
Shoals:2: layout_shoals, uniq_jorgrun, uniq_aizul
Shoals:3: layout_shoals, serial_shops, nicolae_shop_hallway_plus
Shoals:4: shoals_end_simple, layout_shoals
Spider:1: layout_spider_delve, einodemon_crawler_minivault
Spider:2: layout_spider_delve
Spider:3: layout_cave_pods
Spider:4: guppyfry_spider_rune
Slime:1:  layout_caves, basic_altar
Slime:2:  layout_caves, basic_altar, amcnicky_altar_lugonu_corruption
Slime:3:  layout_caves
Slime:4:  layout_caves, nicolae_slime_welcoming_committee
Slime:5
Orc:1:    layout_caves, uniq_erica, uniq_fannar, uniq_josephine
Orc:2:    st_orc_congregation, layout_diamond_mine,
          hellmonk_ghost_happy_afterlife, okawaru_metal_pillars_1_2, uniq_snorg
Elf:1:    elf_arrival_002, layout_loops_corners,
          gammafunk_ghost_wrathful_warriors, portal_ice_cave_entry_pillars_four,
          hangedman_elf_disciples, minmay_shop_star, uniq_zenata
Elf:2:    nicolae_elf_blades_splatter_lattice [mumra_blade_entry_dagger],
          layout_gridlike, basic_altar, uniq_saint_roka
Elf:3:    elf_hall_gauntlet_wide, layout_onion_city, serial_shops,
          nicolae_shop_hallway_plus
Vaults:1: ontoclasm_vaults_idyll, serial_ice_b, v_misc_10,
          nicolae_vaults_big_angled_halls, nicolae_vaults_octagons,
          vaults_room_grunt_arrival_checkpoint, ontoclasm_vaults_tryst,
          vaults_room_fours, v_misc_2, nicolae_vaults_little_squares_6,
          grunt_vaults_twisty, layout_vaults_omnicross,
          nicolae_trove_entry_columns
Vaults:2: v_alt_pattern_5, minmay_crypt_entry_simple_box, v_misc_14,
          nicolae_vaults_triangles, grunt_vaults_trifunnel,
          ontoclasm_vaults_chip, ontoclasm_vaults_ring_small,
          ontoclasm_vaults_ring_square, nicolae_vaults_angled_halls,
          hangedman_vaults_capsules, st_smaller_cells, v_alt_pattern_3,
          nicolae_vaults_circle_grid_a, vaults_dpeg_hooks,
          ontoclasm_vaults_ligature, ontoclasm_vaults_pinch, layout_vaults_ring,
          serial_shops, shop
Vaults:3: ontoclasm_vaults_eye, gammafunk_the_bubble
          [the_bubble_gammafunk_grid], vaults_room_ringed_pool,
          vaults_room_fours, nicolae_vaults_little_squares_2,
          hangedman_vaults_restitches, hangedman_vaults_restitches,
          grunt_vaults_hallway_short, ontoclasm_vaults_decontamination,
          dpeg_vaults_monster_box, layout_vaults_omnigrid, uniq_jory,
          uniq_frederick, uniq_asterion
Vaults:4: v_misc_25, v_misc_16, ontoclasm_vaults_spin, v_misc_14,
          grunt_vaults_hallway_long, st_spiral_rooms, ontoclasm_vaults_twist,
          v_misc_3, v_misc_26, layout_vaults_big_room, uniq_donald, uniq_sojobo,
          uniq_margery
Vaults:5: uniq_xtahua
Crypt:1:  layout_chaotic_city
Crypt:2:  layout_basic, minmay_misc_feat_columns, door_vault, uniq_mennas,
          uniq_khufu
Crypt:3:  lightli_unholy_cathedral, layout_chaotic_city,
          nicolae_tomb_entry_grand_gallery, uniq_bai_suzhen, uniq_josephina
Tomb:1
Tomb:2
Tomb:3
Depths:1: layout_honeycomb, grunt_hell_horde, mu_enter_wizlab_4, serial_shops,
          shop, shop, nicolae_diamond_shop, chequers_serial_rivers_micro_a,
          chequers_serial_rivers_micro_a, moated_statue, hangedman_aviary
Depths:2: minmay_the_grid_square_5x5_5x5 [minmay_the_grid_square_5x5_six_small,
          minmay_the_grid_square_5x5_broken_cross,
          minmay_the_grid_square_5x5_bite,
          minmay_the_grid_square_5x5_misaligned,
          minmay_the_grid_square_5x5_seven, minmay_the_grid_square_5x5_minibox,
          minmay_the_grid_square_5x5_prize_gold,
          minmay_the_grid_square_5x5_half_checkered,
          minmay_the_grid_square_5x5_prize_rear_guard,
          minmay_the_grid_square_5x5_percent,
          minmay_the_grid_square_5x5_inverted_slash,
          minmay_the_grid_square_5x5_spiral,
          minmay_the_grid_square_5x5_prize_snowflake,
          minmay_the_grid_square_5x5_meh, minmay_the_grid_square_5x5_trominoes,
          minmay_the_grid_square_5x5_minimal,
          minmay_the_grid_square_5x5_prize_deathbox,
          minmay_the_grid_square_5x5_pentomino_r,
          minmay_the_grid_square_5x5_prize_open,
          minmay_the_grid_square_5x5_two_small,
          minmay_the_grid_square_5x5_dogpile,
          minmay_the_grid_square_5x5_checkered_statues,
          minmay_the_grid_square_5x5_almost_minimal,
          minmay_the_grid_square_5x5_two_walls_a,
          minmay_the_grid_square_5x5_comb], layout_gridlike,
          hangedman_decor_opposing, rand_demon_pan_entry_9, serial_shops,
          nicolae_shop_statue_plus, hell_entry, uniq_vv
Depths:3: minmay_dotted_concentric_squares, layout_basic,
          hangedman_coc_ice_floe, abyss_entry, serial_shops, kennysheep_mini,
          minmay_misc_feat_pillars, minivault_10
Depths:4: grunt_zot_entry_gee_three, layout_honeycomb, enter_ziggurat_c,
          hell_entry, serial_sigils_hangedman_writhe
Hell
Geh:1:    layout_gehenna_lava_caves
Geh:2:    layout_gehenna_lava_caves, nicolae_geh_isolated_escape
Geh:3:    layout_gehenna_pools_box
Geh:4:    layout_gehenna_pools_basic
Geh:5:    nicolae_hells_giants_party, layout_gehenna_pools_basic
Geh:6:    layout_gehenna_pools_box
Geh:7:    geh_grunt
Coc:1:    layout_cocytus_water_paths
Coc:2:    nicolae_coc_city_of_iceburg
Coc:3:    layout_ice_bergs
Coc:4:    layout_ice_bergs
Coc:5:    layout_ice_bergs
Coc:6:    layout_ice_bergs
Coc:7:    coc_grunt_cove [coc_grunt_cove_antaeus, coc_grunt_cove_fiend,
          coc_grunt_cove_fiend, coc_grunt_cove_fiend, coc_grunt_cove_fiend]
Tar:1:    layout_grid_maze
Tar:2:    layout_catacombs
Tar:3:    layout_grid_maze, nicolae_tar_honey_chapel
Tar:4:    layout_grid_maze, nicolae_tar_combbox
Tar:5:    layout_honeycomb, nicolae_tar_cuneiform_water,
          nicolae_hells_seeping_fissure
Tar:6:    layout_cathedral_of_symmetry
Tar:7:    tar_mu [tar_mu_maze]

Skill      XL: |  1  2  3  4  5  6  7  8  9 10 11 12 13 14 15 16 17 18 19 20 21 22 23 24 25 26 27 |
---------------+----------------------------------------------------------------------------------+-----
Stealth        | 3 6 10 | 10.0
Ice Magic      | 4 5 6 8 10 | 10.1
Spellcasting   | 2 6 7 8 9 10 12 13 16 17 19 20 | 20.1
Fighting       | 2 5 7 9 12 14 19 | 19.0
Summonings     | 2 5 20 | 20.5
Shields        | 2 4 |  4.6
Conjurations   | 4 5 11 | 11.2
Air Magic      | 1 4 |  4.2
Poison Magic   | 3 8 9 |  9.3
Evocations     | 1 3 6 12 17 | 17.5
Dodging        | 4 14 | 14.1
Armour         | 6 20 | 20.1
Transmutations | 1 4 5 7 |  7.9
Earth Magic    | 1 4 6 10 | 10.9
Fire Magic     | 1 3 8 10 15 17 18 | 18.4
Necromancy     | 4 7 10 11 12 13 14 | 14.4
Translocations | 3 5 |  5.9
Throwing       | 12 | 12.0

Action                     |  1- 3 |  4- 6 |  7- 9 | 10-12 | 13-15 | 16-18 | 19-21 | 22-24 | 25-27 || total
---------------------------+-------+-------+-------+-------+-------+-------+-------+-------+-------++-------
  Melee: Unarmed           |    18 |       |       |       |       |       |       |       |       ||    18
         Tailslap          |     5 |     9 |    14 |    30 |    42 |     9 |     7 |     3 |    73 ||   192
         Dagger            |    33 |       |       |       |       |       |       |       |       ||    33
         Spear             |    19 |    18 |    47 |       |       |       |       |       |       ||    84
         Quarterstaff      |       |    44 |       |       |       |       |       |       |       ||    44
         Punch             |       |       |     2 |       |       |       |       |       |       ||     2
         Trident           |       |       |    72 |    14 |       |       |       |       |       ||    86
         Staff             |       |       |       |   147 |   161 |    33 |    20 |    20 |   212 ||   593
  Throw: Dart              |     2 |     4 |    16 |    15 |     6 |       |       |       |       ||    43
         Boomerang         |       |     1 |     3 |     4 |     2 |       |       |       |       ||    10
         Javelin           |       |       |     5 |     7 |     1 |       |       |       |     1 ||    14
   Cast: Freeze            |    17 |    14 |    21 |     1 |     5 |       |       |       |       ||    58
         Frozen Ramparts   |     3 |    14 |    21 |    34 |    49 |     2 |       |       |       ||   123
         Ozocubu's Armour  |       |     8 |    17 |    13 |    19 |     1 |       |       |       ||    58
         Summon Ice Beast  |       |     1 |    18 |    21 |    44 |     4 |       |       |       ||    88
         Hailstorm         |       |       |     5 |     1 |     6 |       |       |       |       ||    12
         Poisonous Vapours |       |       |     3 |    41 |     4 |       |       |       |       ||    48
         Olgreb's Toxic Ra |       |       |     1 |    72 |   167 |   133 |    62 |    39 |    40 ||   514
         Mephitic Cloud    |       |       |       |    11 |     2 |       |       |     1 |       ||    14
         Passwall          |       |       |       |     2 |    13 |    26 |     7 |     2 |    60 ||   110
         Ignite Poison     |       |       |       |       |    58 |   116 |    58 |    28 |    33 ||   293
         Irradiate         |       |       |       |       |     7 |    17 |    12 |     6 |    73 ||   115
         Borgnjor's Vile C |       |       |       |       |    22 |   106 |   110 |    91 |   413 ||   742
         Death Channel     |       |       |       |       |     3 |    30 |    17 |    15 |    59 ||   124
         Animate Dead      |       |       |       |       |     3 |    19 |     9 |    13 |    48 ||    92
         Sublimation of Bl |       |       |       |       |       |    80 |    34 |    36 |   345 ||   495
         Ozocubu's Refrige |       |       |       |       |       |    49 |     4 |     5 |       ||    58
         Blink             |       |       |       |       |       |     5 |       |     2 |     1 ||     8
         Ignition          |       |       |       |       |       |       |    20 |    19 |   244 ||   283
         Simulacrum        |       |       |       |       |       |       |       |       |    94 ||    94
         Passage of Golubr |       |       |       |       |       |       |       |       |   318 ||   318
         Necromutation     |       |       |       |       |       |       |       |       |    99 ||    99
         Apportation       |       |       |       |       |       |       |       |       |    45 ||    45
         Lehudib's Crystal |       |       |       |       |       |       |       |       |    42 ||    42
         Dragon's Call     |       |       |       |       |       |       |       |       |    41 ||    41
 Invoke: Curse Item        |       |     2 |     3 |     3 |     2 |     2 |     1 |     1 |     6 ||    20
         Shatter the Chain |       |       |     1 |     1 |     1 |     1 |     3 |       |     3 ||    10
Ability: End Transformatio |       |       |       |       |       |       |       |       |    81 ||    81
  Evoke: Wand              |       |       |    10 |     2 |    12 |     6 |       |     1 |    17 ||    48
         Lightning rod     |       |       |       |       |     6 |     3 |       |       |       ||     9
         Condenser vane    |       |       |       |       |       |     2 |       |     1 |     3 ||     6
         Phantom mirror    |       |       |       |       |       |     1 |       |     1 |     2 ||     4
         Horn of Geryon    |       |       |       |       |       |       |       |       |     1 ||     1
         Box of beasts     |       |       |       |       |       |       |       |       |     1 ||     1
         Figurine of a zig |       |       |       |       |       |       |       |       |     1 ||     1
         Tin of tremorston |       |       |       |       |       |       |       |       |     1 ||     1
    Use: Potion            |     1 |     3 |     3 |       |     2 |     6 |     7 |     3 |    41 ||    66
         Scroll            |       |       |     4 |     4 |     4 |     8 |     6 |     3 |    49 ||    78
   Stab: Sleeping          |     2 |       |     1 |       |     2 |       |       |       |     2 ||     7
         Distracted        |       |       |     1 |       |       |       |       |     1 |     2 ||     4
         Confused          |       |       |       |     2 |       |       |       |       |       ||     2
         Petrifying        |       |       |       |       |     1 |       |       |       |       ||     1
 Armour: Robe              |    32 |    68 |    59 |       |       |       |       |       |       ||   159
         Troll leather arm |       |       |    50 |    95 |   179 |   127 |   114 |    73 |   662 ||  1300
  Dodge: Dodged            |    35 |    84 |    97 |   146 |   221 |   107 |    76 |    27 |   492 ||  1285
  Block: Buckler           |       |       |    39 |    82 |   128 |    79 |    44 |    32 |   406 ||   810

Table legend: (Time is in decaauts)
 A = Elapsed time spent in this place.
 B = Non-inter-level travel time spent in this place.
 C = Inter-level travel time spent in this place.
 D = Time resting spent in this place.
 E = Time spent auto-exploring this place.
 F = Levels seen in this place.
 G = Mean time per level.
                   A        B        C        D        E       F      G
               +--------+--------+--------+--------+--------+-----+--------+
         Total |  28783 |  27001 |   1782 |    909 |      0 | 132 |  218.1 |
       Dungeon |   7095 |   6534 |    561 |    341 |      0 |  15 |  473.0 |
        Temple |     18 |     18 |      0 |      0 |      0 |   1 |   18.0 |
          Lair |   2826 |   2595 |    231 |      0 |      0 |   5 |  565.2 |
        Shoals |    743 |    733 |     10 |      3 |      0 |   4 |  185.8 |
   Spider Nest |    936 |    868 |     68 |      0 |      0 |   4 |  234.0 |
    Slime Pits |    480 |    480 |      0 |     19 |      0 |   5 |   96.0 |
  Orcish Mines |   2295 |   1993 |    302 |    236 |      0 |   2 | 1147.5 |
   Elven Halls |   1477 |   1135 |    342 |     10 |      0 |   3 |  492.3 |
        Vaults |   2367 |   2320 |     47 |      0 |      0 |   5 |  473.4 |
         Crypt |   1118 |   1072 |     46 |     69 |      0 |   3 |  372.7 |
          Tomb |   2082 |   2031 |     51 |      8 |      0 |   3 |  694.0 |
        Depths |   2450 |   2341 |    109 |      0 |      0 |   4 |  612.5 |
          Hell |    224 |    224 |      0 |      7 |      0 |   1 |  224.0 |
       Gehenna |    920 |    920 |      0 |    121 |      0 |   7 |  131.4 |
       Cocytus |    220 |    220 |      0 |      0 |      0 |   7 |   31.4 |
      Tartarus |    559 |    546 |     13 |      0 |      0 |   7 |   79.9 |
         Abyss |    362 |    362 |      0 |      0 |      0 |   5 |   72.4 |
   Pandemonium |   1312 |   1312 |      0 |     95 |      0 |  20 |   65.6 |
      Ziggurat |   1051 |   1051 |      0 |      0 |      0 |  27 |   38.9 |
        Bazaar |     14 |     14 |      0 |      0 |      0 |   1 |   14.0 |
         Trove |     22 |     22 |      0 |      0 |      0 |   1 |   22.0 |
      Ice Cave |     27 |     27 |      0 |      0 |      0 |   1 |   27.0 |
        Wizlab |    174 |    174 |      0 |      0 |      0 |   1 |  174.0 |
               +--------+--------+--------+--------+--------+-----+--------+

Top non-repeatable levels by time:
   Orc:2: 1981 daAuts
  Tomb:1: 1036 daAuts
  Lair:5: 927 daAuts
    D:13: 920 daAuts
Depths:2: 909 daAuts
   Elf:3: 826 daAuts
Depths:1: 780 daAuts
Vaults:5: 756 daAuts
     D:7: 721 daAuts
     D:8: 676 daAuts
Vaults:3: 620 daAuts
  Tomb:2: 611 daAuts
  Lair:4: 600 daAuts
 Crypt:3: 562 daAuts
    D:10: 524 daAuts
